Workbook

Sheet Source
A6: Select Year | B6: 2021-22 | C6: 2022-23 | D6: 2023-24 | E6: 2024-25 | F6: 2025-26 | G6: 2026-27 | H6: 2027-28 | I6: 2028-29 | J6: 2029-30 | K6: 2030-31 | L6: 2031-32
A8: 2021-22 | B8: 2022-23 | C8: 2020-21
A9: 2022-23 | B9: 2023-24 | C9: 2021-22
A10: 2023-24 | B10: 2024-25 | C10: 2022-23
A11: 2024-25 | B11: 2025-26 | C11: 2023-24
A12: 2025-26 | B12: 2026-27 | C12: 2024-25
A13: 2026-27 | B13: 2027-28 | C13: 2025-26
A14: 2027-28 | B14: 2028-29 | C14: 2026-27
A15: 2028-29 | B15: 2029-30 | C15: 2027-28
A16: 2029-30 | B16: 2030-31 | C16: 2028-29
A17: 2030-31 | B17: 2031-32 | C17: 2029-30
A18: 2031-32 | B18: 2032-33 | C18: 2030-31

Sheet Instructions
D6: New Charter School Application Budget Template
D7: Instructions
D9: Template Tabs
D11: 1) Proposed School Information | E11: Enter proposed school name, contact information, and proposed year of opening
D12: 2) Student Assumptions | E12: Enter enrollment and key student demographic information assumptions
D13: 3) Pre-Opening Budget | E13: Enter budget details and assumptions for 12 month period prior to Year 1
D14: 4) Pre-Opening Cash Flow | E14: Enter cash flow details and assumptions for 12 month period prior to Year 1
D15: 5) Years 1-5 Staff Assumptions | E15: Enter staffing assumptions; assumptions will drive over tabs
D16: 6) Year 1 Budget | E16: Enter budget details and assumptions for Year 1
D17: 7) Year 1 Cash Flow | E17: Enter cash flow details and assumptions for Year 1 (July to June 12 month period)
D18: 8) Years 2 through 5 Budget | E18: Enter budget details and assumptions for Years 2 through 5
D19: 9) Summary | E19: Informational; enter a starting fund balance if applicable
D21: Template Guidance
D23: Input financial information into light yellow cells
D25: Input assumption information or notes into light green cells
D27: Provides additional information or instruction for specific tab or section of tab
D29: Cells with red comment tag include additional guidance and instruction
D31: Note: This is not a budgeting tool, but rather a standardized format for sharing key budget information for the proposed charter school. You may add additional worksheets to this workbook to otherwise supplement the information being provided on the existing worksheets.
D35: Developed in partnership with
E43: Template Version 12152022

Sheet 1) Proposed School Information
D6: =IF(E12="","ENTER SCHOOL NAME BELOW",E12) -> ENTER SCHOOL NAME BELOW
D7: New Charter School Application Budget Template
D8: Proposed School Information
D12: Proposed School Name
D13: Lead Sponsor Name
D14: Lead Sponsor E-mail Address
D15: Lead Sponsor Phone Number
D16: CMO/EMO Affiliation
D18: Proposed Authorizer
D19: Proposed Opening Grade Level(s)
D20: Proposed Final Grade Level(s)
D21: Proposed First Year of Operations | E21: 2024-25
E23: Year 1 | F23: Year 2 | G23: Year 3 | H23: Year 4 | I23: Year 5
D24: Anticipated Enrollment | E24: ='2) Student Assumptions'!E29 -> 0 | F24: ='2) Student Assumptions'!F29 -> 0 | G24: ='2) Student Assumptions'!G29 -> 0 | H24: ='2) Student Assumptions'!H29 -> 0 | I24: ='2) Student Assumptions'!I29 -> 0
E25: Note: These cells auto-populate after completing Tab 2.

Sheet 2) Student Assumptions
E3: =IF('1) Proposed School Information'!E12="","ENTER SCHOOL NAME ON PROPOSED SCHOOL INFO SHEET",'1) Proposed School Information'!E12) -> ENTER SCHOOL NAME ON PROPOSED SCHOOL INFO SHEET
E4: New Charter School Application Budget Template
E5: Student Assumptions
E8: Enrollment Assumptions
E10: Year 1 | F10: Year 2 | G10: Year 3 | H10: Year 4 | I10: Year 5
E11: =IF('1) Proposed School Information'!E21="Select Year"," ",'1) Proposed School Information'!E21) -> 2024-25 | F11: =IF(E11=" "," ",VLOOKUP(E11,Source!$A$8:$B$17,2,FALSE)) -> 2025-26 | G11: =IF(F11=" "," ",VLOOKUP(F11,Source!$A$8:$B$17,2,FALSE)) -> 2026-27 | H11: =IF(G11=" "," ",VLOOKUP(G11,Source!$A$8:$B$17,2,FALSE)) -> 2027-28 | I11: =IF(H11=" "," ",VLOOKUP(H11,Source!$A$8:$B$17,2,FALSE)) -> 2028-29
B13: Pre-Kindergarten (Informational Only) | E13: 0 | F13: 0 | G13: 0 | H13: 0 | I13: 0
B15: Kindergarten | E15: 0 | F15: 0 | G15: 0 | H15: 0 | I15: 0
B16: 1st Grade | E16: 0 | F16: 0 | G16: 0 | H16: 0 | I16: 0
B17: 2nd Grade | E17: 0 | F17: 0 | G17: 0 | H17: 0 | I17: 0
B18: 3rd Grade | E18: 0 | F18: 0 | G18: 0 | H18: 0 | I18: 0
B19: 4th Grade | E19: 0 | F19: 0 | G19: 0 | H19: 0 | I19: 0
B20: 5th Grade | E20: 0 | F20: 0 | G20: 0 | H20: 0 | I20: 0
B21: 6th Grade | E21: 0 | F21: 0 | G21: 0 | H21: 0 | I21: 0
B22: 7th Grade | E22: 0 | F22: 0 | G22: 0 | H22: 0 | I22: 0
B23: 8th Grade | E23: 0 | F23: 0 | G23: 0 | H23: 0 | I23: 0
B24: 9th Grade | E24: 0 | F24: 0 | G24: 0 | H24: 0 | I24: 0
B25: 10th Grade | E25: 0 | F25: 0 | G25: 0 | H25: 0 | I25: 0
... B27: 12th Grade | E27: 0 | F27: 0 | G27: 0 | H27: 0 | I27: 0
B29: Total Enrollment (excluding Pre-Kindergarten) | E29: =SUM(E15:E27) -> 0 | F29: =SUM(F15:F27) -> 0 | G29: =SUM(G15:G27) -> 0 | H29: =SUM(H15:H27) -> 0 | I29: =SUM(I15:I27) -> 0
B31: Change in Net Enrollment | E31: =E29-0 -> 0 | F31: =F29-E29 -> 0 | G31: =G29-F29 -> 0 | H31: =H29-G29 -> 0 | I31: =I29-H29 -> 0
E33: # of Classes By Grade
E35: Year 1 | F35: Year 2 | G35: Year 3 | H35: Year 4 | I35: Year 5
B37: Pre-Kindergarten (Informational Only) | E37: 0 | F37: 0 | G37: 0 | H37: 0 | I37: 0
B39: Kindergarten | E39: 0 | F39: 0 | G39: 0 | H39: 0 | I39: 0
B40: 1st Grade | E40: 0 | F40: 0 | G40: 0 | H40: 0 | I40: 0
B41: 2nd Grade | E41: 0 | F41: 0 | G41: 0 | H41: 0 | I41: 0
B42: 3rd Grade | E42: 0 | F42: 0 | G42: 0 | H42: 0 | I42: 0
B43: 4th Grade | E43: 0 | F43: 0 | G43: 0 | H43: 0 | I43: 0
B44: 5th Grade | E44: 0 | F44: 0 | G44: 0 | H44: 0 | I44: 0
B45: 6th Grade | E45: 0 | F45: 0 | G45: 0 | H45: 0 | I45: 0
B46: 7th Grade | E46: 0 | F46: 0 | G46: 0 | H46: 0 | I46: 0
B47: 8th Grade | E47: 0 | F47: 0 | G47: 0 | H47: 0 | I47: 0
B48: 9th Grade | E48: 0 | F48: 0 | G48: 0 | H48: 0 | I48: 0
B49: 10th Grade | E49: 0 | F49: 0 | G49: 0 | H49: 0 | I49: 0
... B51: 12th Grade | E51: 0 | F51: 0 | G51: 0 | H51: 0 | I51: 0
B53: Total # of Classes | E53: =SUM(E39:E51) -> 0 | F53: =SUM(F39:F51) -> 0 | G53: =SUM(G39:G51) -> 0 | H53: =SUM(H39:H51) -> 0 | I53: =SUM(I39:I51) -> 0
B55: Change in Net # of Classes | E55: =E53-0 -> 0 | F55: =F53-E53 -> 0 | G55: =G53-F53 -> 0 | H55: =H53-G53 -> 0 | I55: =I53-H53 -> 0
E59: Other Key Assumptions
E60: Enter Estimated Percentages
B62: SPED % | E62: 0 | F62: 0 | G62: 0 | H62: 0 | I62: 0
B63: SPED Count | E63: =ROUND(E62*E29,0) -> 0 | F63: =ROUND(F62*F29,0) -> 0 | G63: =ROUND(G62*G29,0) -> 0 | H63: =ROUND(H62*H29,0) -> 0 | I63: =ROUND(I62*I29,0) -> 0
B65: ELL % | E65: 0 | F65: 0 | G65: 0 | H65: 0 | I65: 0
B66: ELL Count | E66: =ROUND(E65*E29,0) -> 0 | F66: =ROUND(F65*F29,0) -> 0 | G66: =ROUND(G65*G29,0) -> 0 | H66: =ROUND(H65*H29,0) -> 0 | I66: =ROUND(I65*I29,0) -> 0
B68: Anticipated Paid % | E68: =1-E69-E70 -> 1 | F68: =1-F69-F70 -> 1 | G68: =1-G69-G70 -> 1 | H68: =1-H69-H70 -> 1 | I68: =1-I69-I70 -> 1
B69: Anticipated Reduced % | E69: 0 | F69: 0 | G69: 0 | H69: 0 | I69: 0
B70: Anticipated Free % | E70: 0 | F70: 0 | G70: 0 | H70: 0 | I70: 0
B71: Anticipated Paid Count | E71: =E29-E72-E73 -> 0 | F71: =F29-F72-F73 -> 0 | G71: =G29-G72-G73 -> 0 | H71: =H29-H72-H73 -> 0 | I71: =I29-I72-I73 -> 0
B72: Anticipated Reduced Count | E72: =ROUND(E69*E29,0) -> 0 | F72: =ROUND(F69*F29,0) -> 0 | G72: =ROUND(G69*G29,0) -> 0 | H72: =ROUND(H69*H29,0) -> 0 | I72: =ROUND(I69*I29,0) -> 0
B73: Anticipated Free Count | E73: =ROUND(E70*E29,0) -> 0 | F73: =ROUND(F70*F29,0) -> 0 | G73: =ROUND(G70*G29,0) -> 0 | H73: =ROUND(H70*H29,0) -> 0 | I73: =ROUND(I70*I29,0) -> 0
B74: Total Free and Reduced Count | E74: =SUM(E72:E73) -> 0 | F74: =SUM(F72:F73) -> 0 | G74: =SUM(G72:G73) -> 0 | H74: =SUM(H72:H73) -> 0 | I74: =SUM(I72:I73) -> 0
B76: School Days | E76: 0 | F76: 0 | G76: 0 | H76: 0 | I76: 0
B77: Attendance Rate | E77: 0 | F77: 0 | G77: 0 | H77: 0 | I77: 0

Sheet 3) Pre-Opening Budget
E3: =IF('1) Proposed School Information'!E12="","ENTER SCHOOL NAME ON PROPOSED SCHOOL INFO SHEET",'1) Proposed School Information'!E12) -> ENTER SCHOOL NAME ON PROPOSED SCHOOL INFO SHEET
E4: New Charter School Application Budget Template
E5: Pre-Opening Budget
C8: Revenue Assumptions
E10: Year 0
E11: =IF('1) Proposed School Information'!E21="Select Year"," ",VLOOKUP('6) Year 1 Budget'!E11,Source!A8:C17,3,FALSE)) -> 2023-24
C12: Annual Revenue Increase | E12: 0
C13: Cumultative Increase | E13: =100%+E12 -> 1
B16: Federal Revenues | C16: Rate/Assumption | E16: Amount | F16: Assumption Notes
B17: State Revenues | C17: Rate/Assumption | F17: Assumption Notes
B18: Basic Education Program | C18: 0 | E18: 0
B19: BEP Transportation Component | C19: 0 | E19: 0
B20: BEP Capital Outlay | C20: 0 | E20: 0
B21: Other | C21: 0 | E21: 0
B22: Other | C22: 0 | E22: 0
B25: Title I | C25: 0 | E25: 0
B26: Title II | C26: 0 | E26: 0
B27: Title III | C27: 0 | E27: 0
B28: NSLP | C28: 0 | E28: 0
B29: E-Rate | C29: 0 | E29: 0
B30: CSP Startup Grant | C30: 750000 | E30: 0 | F30: Approved schools must apply for this grant; funding not guaranteed
B31: Other | C31: 0 | E31: 0
B32: Other | C32: 0 | E32: 0
B34: School Activity Revenues
B35: Other | C35: 0 | E35: 0
B36: Other | C36: 0 | E36: 0
B37: Other | C37: 0 | E37: 0
B38: Other | C38: 0 | E38: 0
B39: Other | C39: 0 | E39: 0
B41: Fundraising & Philanthropy | F41: Detail any private funding sources
B42: Other | E42: 0
B43: Other | E43: 0
B44: Other | E44: 0
B45: Other | E45: 0
B46: Other | E46: 0
B48: Total Revenues | E48: =SUM(E18:E22,E24:E32,E35:E39,E42:E46) -> 0
C50: Additional Space to Provide Fundraising Details
C57: Compensation Assumptions
E59: Year 0
E60: =E11 -> 2023-24
B62: Administrative Staff | C62: FTE Count | F62: Assumption Notes
B63: Principal/School Leader | C63: 0 | E63: 0
B64: Assistant Principal | C64: 0 | E64: 0
B65: Special Education Coordinator | C65: 0 | E65: 0
B66: Deans, Directors | C66: 0 | E66: 0
B67: Other (Specify in Assumptions) | C67: 0 | E67: 0
B68: ='[1]5) Year 1-5 Staff Assumptions'!B56 -> Total Administrative Compensation | C68: =SUM(C63:C67) -> 0 | E68: =SUM(E63:E67) -> 0
B70: ='[1]5) Year 1-5 Staff Assumptions'!B58 -> Instructional Staff
B71: Teachers | C71: 0 | E71: 0
B72: Special Education Teachers | C72: 0 | E72: 0
B73: Eduacational Assistants/Aides | C73: 0 | E73: 0
B74: Elective Teachers | C74: 0 | E74: 0
B75: Other (Specify in Assumptions) | C75: 0 | E75: 0
B76: ='[1]5) Year 1-5 Staff Assumptions'!B64 -> Total Instructional Compensation | C76: =SUM(C71:C75) -> 0 | E76: =SUM(E71:E75) -> 0
B78: ='[1]5) Year 1-5 Staff Assumptions'!B66 -> Non-Instructional Staff
B79: Clerical Staff | C79: 0 | E79: 0
B80: Custodial Staff | C80: 0 | E80: 0
B81: Operations | C81: 0 | E81: 0
B82: Social Workers/Counseling | C82: 0 | E82: 0
B83: Other (Specify in Assumptions) | C83: 0 | E83: 0
B84: ='[1]5) Year 1-5 Staff Assumptions'!B72 -> Total Non-Instructional Compensation | C84: =SUM(C79:C83) -> 0 | E84: =SUM(E79:E83) -> 0
B86: Bonus | E86: 0
B87: Other Non FTE Compensation | E87: 0
B88: Other Non FTE Compensation | E88: 0
B89: Other Non FTE Compensation | E89: 0
B91: Total FTE Count | C91: =C68+C76+C84 -> 0
B92: ='[1]5) Year 1-5 Staff Assumptions'!B79 -> Total Compensation | E92: =E68+E76+E84+SUM(E86:E89) -> 0
C95: Employer Benefits & Tax Assumptions
E97: Year 0
E98: =E11 -> 2023-24
C100: Base Assumption | F100: Assumption Notes
B101: ='[1]5) Year 1-5 Staff Assumptions'!B86 -> Social Security | C101: 0.062 | E101: =C101*E92 -> 0
B102: ='[1]5) Year 1-5 Staff Assumptions'!B87 -> Medicare | C102: 0.0145 | E102: =C102*E92 -> 0
B103: ='[1]5) Year 1-5 Staff Assumptions'!B88 -> State Unemployment | C103: $400 per employee | E103: 0
B104: ='[1]5) Year 1-5 Staff Assumptions'!B89 -> Disability/Life Insurance | C104: 0 | E104: 0
B105: ='[1]5) Year 1-5 Staff Assumptions'!B90 -> Workers Compensation Insurance | C105: 0 | E105: 0
B106: ='[1]5) Year 1-5 Staff Assumptions'!B91 -> Other Fringe Benefits | C106: 0 | E106: 0
B107: ='[1]5) Year 1-5 Staff Assumptions'!B96 -> Medical Insurance | C107: 0 | E107: =(C107*0.75)*2*(4*0.5) -> 0
B108: ='[1]5) Year 1-5 Staff Assumptions'!B97 -> Dental Insurance | C108: 0 | E108: 0
B109: ='[1]5) Year 1-5 Staff Assumptions'!B98 -> Vision Insurance | C109: 0 | E109: 0
B110: ='[1]5) Year 1-5 Staff Assumptions'!B105 -> Other Retirement | C110: 0 | E110: =C110*E92 -> 0
B112: Total Employer Benefits & Taxes | E112: =SUM(E101:E110) -> 0
C115: Operating Expenses
E117: Year 0
E118: =E11 -> 2023-24
C119: Annual Expense Increase | E119: 0
C120: Cumultative Increase | E120: =100%+E119 -> 1
B122: Contracted Services | F122: Assumption Notes
B123: Professional Development | C123: 0 | E123: 0
B124: Financial Services | C124: 0 | E124: 0
B125: Audit Services | C125: 0 | E125: 0
B126: Legal Fees | C126: 0 | E126: 0
B127: Copier Lease and Usage | C127: 0 | E127: 0
B128: Internet and Phone Service | C128: 0 | E128: 0
B129: Cell Phone Service | C129: 0 | E129: 0
B130: Payroll Services | C130: 0 | E130: 0
B131: Health Services | C131: 0 | E131: 0
B132: Transportation | C132: 0 | E132: 0
B133: IT Services | C133: 0 | E133: 0
B134: Contracted SPED Services | C134: 0 | E134: 0
...

Sheet 4) Pre-Opening Cash Flow
E3: =IF('1) Proposed School Information'!E12="","ENTER SCHOOL NAME ON PROPOSED SCHOOL INFO SHEET",'1) Proposed School Information'!E12) -> ENTER SCHOOL NAME ON PROPOSED SCHOOL INFO SHEET
E4: New Charter School Application Budget Template
E5: Pre-Opening Cash Flow
C8: Cash Flow Summary | E8: Cash Flow Summary
E10: Year 0 | F10: =E10 -> Year 0 | G10: =F10 -> Year 0 | H10: =G10 -> Year 0 | I10: =H10 -> Year 0 | J10: =I10 -> Year 0 | K10: =J10 -> Year 0 | L10: =K10 -> Year 0 | M10: =L10 -> Year 0 | ... S10: =R10 -> Year 0
E11: =IF('1) Proposed School Information'!E23="Select Year"," ",VLOOKUP('6) Year 1 Budget'!E11,Source!A8:C17,3,FALSE)) -> 2023-24 | F11: =E11 -> 2023-24 | G11: =F11 -> 2023-24 | H11: =G11 -> 2023-24 | I11: =H11 -> 2023-24 | J11: =I11 -> 2023-24 | K11: =J11 -> 2023-24 | L11: =K11 -> 2023-24 | M11: =L11 -> 2023-24 | ... S11: =R11 -> 2023-24
E12: Total Budget | F12: July | G12: August | H12: September | I12: October | J12: November | K12: December | L12: January | M12: February | N12: March | O12: April | P12: May | Q12: June | R12: Total | S12: AR/AP
B14: Beginning Cash | F14: =E14 -> 0 | G14: =F43 -> 0 | H14: =G43 -> 0 | I14: =H43 -> 0 | J14: =I43 -> 0 | K14: =J43 -> 0 | L14: =K43 -> 0 | M14: =L43 -> 0 | N14: =M43 -> 0 | ... Q14: =P43 -> 0
B16: Revenues
B17: State Revenues | E17: =SUM(E56:E60) -> 0 | F17: =SUM(F56:F60) -> 0 | G17: =SUM(G56:G60) -> 0 | H17: =SUM(H56:H60) -> 0 | I17: =SUM(I56:I60) -> 0 | J17: =SUM(J56:J60) -> 0 | K17: =SUM(K56:K60) -> 0 | L17: =SUM(L56:L60) -> 0 | ... S17: =SUM(S56:S60) -> 0
B18: Federal Revenues | E18: =E68 -> 0 | F18: =F68 -> 0 | G18: =G68 -> 0 | H18: =H68 -> 0 | I18: =I68 -> 0 | J18: =J68 -> 0 | K18: =K68 -> 0 | L18: =L68 -> 0 | ... S18: =S68 -> 0
B19: School Activity Revenues | E19: =SUM(E73:E77) -> 0 | F19: =SUM(F73:F77) -> 0 | G19: =SUM(G73:G77) -> 0 | H19: =SUM(H73:H77) -> 0 | I19: =SUM(I73:I77) -> 0 | J19: =SUM(J73:J77) -> 0 | K19: =SUM(K73:K77) -> 0 | L19: =SUM(L73:L77) -> 0 | ... S19: =SUM(S73:S77) -> 0
B20: Fundraising & Philanthropy | E20: =SUM(E80:E84) -> 0 | F20: =SUM(F80:F84) -> 0 | G20: =SUM(G80:G84) -> 0 | H20: =SUM(H80:H84) -> 0 | I20: =SUM(I80:I84) -> 0 | J20: =SUM(J80:J84) -> 0 | K20: =SUM(K80:K84) -> 0 | L20: =SUM(L80:L84) -> 0 | ... S20: =SUM(S80:S84) -> 0
B22: Total Revenues | E22: =SUM(E17:E20) -> 0 | F22: =SUM(F17:F20) -> 0 | G22: =SUM(G17:G20) -> 0 | H22: =SUM(H17:H20) -> 0 | I22: =SUM(I17:I20) -> 0 | J22: =SUM(J17:J20) -> 0 | K22: =SUM(K17:K20) -> 0 | L22: =SUM(L17:L20) -> 0 | ... S22: =SUM(S17:S20) -> 0
B24: Expenses
B25: Staffing | E25: =E123 -> 0 | F25: =F123 -> 0 | G25: =G123 -> 0 | H25: =H123 -> 0 | I25: =I123 -> 0 | J25: =J123 -> 0 | K25: =K123 -> 0 | L25: =L123 -> 0 | ... S25: =S123 -> 0
B26: Employer Benefits & Taxes | E26: =E143 -> 0 | F26: =F143 -> 0 | G26: =G143 -> 0 | H26: =H143 -> 0 | I26: =I143 -> 0 | J26: =J143 -> 0 | K26: =K143 -> 0 | L26: =L143 -> 0 | ... S26: =S143 -> 0
B27: Contracted Services | E27: =SUM(E154:E168) -> 0 | F27: =SUM(F154:F168) -> 0 | G27: =SUM(G154:G168) -> 0 | H27: =SUM(H154:H168) -> 0 | I27: =SUM(I154:I168) -> 0 | J27: =SUM(J154:J168) -> 0 | K27: =SUM(K154:K168) -> 0 | L27: =SUM(L154:L168) -> 0 | ... S27: =SUM(S154:S168) -> 0
B28: Supplies & Materials | E28: =SUM(E171:E185) -> 0 | F28: =SUM(F171:F185) -> 0 | G28: =SUM(G171:G185) -> 0 | H28: =SUM(H171:H185) -> 0 | I28: =SUM(I171:I185) -> 0 | J28: =SUM(J171:J185) -> 0 | K28: =SUM(K171:K185) -> 0 | L28: =SUM(L171:L185) -> 0 | ... S28: =SUM(S171:S185) -> 0
B29: Facility-Related Expenses | E29: =SUM(E188:E202) -> 0 | F29: =SUM(F188:F202) -> 0 | G29: =SUM(G188:G202) -> 0 | H29: =SUM(H188:H202) -> 0 | I29: =SUM(I188:I202) -> 0 | J29: =SUM(J188:J202) -> 0 | K29: =SUM(K188:K202) -> 0 | L29: =SUM(L188:L202) -> 0 | ... S29: =SUM(S188:S202) -> 0
B30: Other Charges | E30: =SUM(E205:E209) -> 0 | F30: =SUM(F205:F209) -> 0 | G30: =SUM(G205:G209) -> 0 | H30: =SUM(H205:H209) -> 0 | I30: =SUM(I205:I209) -> 0 | J30: =SUM(J205:J209) -> 0 | K30: =SUM(K205:K209) -> 0 | L30: =SUM(L205:L209) -> 0 | ... S30: =SUM(S205:S209) -> 0
B31: Debt Service | E31: =SUM(E212:E216) -> 0 | F31: =SUM(F212:F216) -> 0 | G31: =SUM(G212:G216) -> 0 | H31: =SUM(H212:H216) -> 0 | I31: =SUM(I212:I216) -> 0 | J31: =SUM(J212:J216) -> 0 | K31: =SUM(K212:K216) -> 0 | L31: =SUM(L212:L216) -> 0 | ... S31: =SUM(S212:S216) -> 0
B33: Total Expenses | E33: =SUM(E25:E31) -> 0 | F33: =SUM(F25:F31) -> 0 | G33: =SUM(G25:G31) -> 0 | H33: =SUM(H25:H31) -> 0 | I33: =SUM(I25:I31) -> 0 | J33: =SUM(J25:J31) -> 0 | K33: =SUM(K25:K31) -> 0 | L33: =SUM(L25:L31) -> 0 | ... S33: =SUM(S25:S31) -> 0
B35: Operating Income (Loss) | E35: =E22-E33 -> 0 | F35: =F22-F33 -> 0 | G35: =G22-G33 -> 0 | H35: =H22-H33 -> 0 | I35: =I22-I33 -> 0 | J35: =J22-J33 -> 0 | K35: =K22-K33 -> 0 | L35: =L22-L33 -> 0 | ... S35: =S22-S33 -> 0
B37: Changes in Accounts Receivable | G37: 0 | H37: 0 | I37: 0 | J37: 0 | K37: 0 | L37: 0 | M37: 0 | N37: 0 | O37: 0 | P37: 0 | Q37: 0
B38: Changes in Accounts Payable | F38: 0 | G38: 0 | H38: 0 | I38: 0 | J38: 0 | K38: 0 | L38: 0 | M38: 0 | N38: 0 | O38: 0 | P38: 0 | Q38: 0
B39: Line of Credit Proceeds | F39: 0 | G39: 0 | H39: 0 | I39: 0 | J39: 0 | K39: 0 | L39: 0 | M39: 0 | N39: 0 | O39: 0 | P39: 0 | Q39: 0
B40: Line of Credit Repayments | F40: 0 | G40: 0 | H40: 0 | I40: 0 | J40: 0 | K40: 0 | L40: 0 | M40: 0 | N40: 0 | O40: 0 | P40: 0 | Q40: 0
B41: Other Balance Sheet Activity | F41: 0 | G41: 0 | H41: 0 | I41: 0 | J41: 0 | K41: 0 | L41: 0 | M41: 0 | N41: 0 | O41: 0 | P41: 0 | Q41: 0
B43: Ending Cash | F43: =F14+F35+SUM(F37:F41) -> 0 | G43: =G14+G35+SUM(G37:G41) -> 0 | H43: =H14+H35+SUM(H37:H41) -> 0 | I43: =I14+I35+SUM(I37:I41) -> 0 | J43: =J14+J35+SUM(J37:J41) -> 0 | K43: =K14+K35+SUM(K37:K41) -> 0 | L43: =L14+L35+SUM(L37:L41) -> 0 | M43: =M14+M35+SUM(M37:M41) -> 0 | ... Q43: =Q14+Q35+SUM(Q37:Q41) -> 0
E46: Details of Cash Flow
E48: =E10 -> Year 0 | F48: =F10 -> Year 0 | G48: =G10 -> Year 0 | H48: =H10 -> Year 0 | I48: =I10 -> Year 0 | J48: =J10 -> Year 0 | K48: =K10 -> Year 0 | L48: =L10 -> Year 0 | ... S48: =S10 -> Year 0
E49: =E11 -> 2023-24 | F49: =F11 -> 2023-24 | G49: =G11 -> 2023-24 | H49: =H11 -> 2023-24 | I49: =I11 -> 2023-24 | J49: =J11 -> 2023-24 | K49: =K11 -> 2023-24 | L49: =L11 -> 2023-24 | ... S49: =S11 -> 2023-24
E50: =E12 -> Total Budget | F50: =F12 -> July | G50: =G12 -> August | H50: =H12 -> September | I50: =I12 -> October | J50: =J12 -> November | K50: =K12 -> December | L50: =L12 -> January | ... S50: =S12 -> AR/AP
B53: Revenues | E53: Revenues | T53: Assumption Notes
B55: State Revenues
B56: Basic Education Program
B57: BEP Transportation Component
B58: BEP Capital Outlay
B59: Other
B60: Other
B62: Federal Revenues
B63: Title I
B64: Title II
B65: Title III
B66: NSLP
B67: E-Rate
B68: ='3) Pre-Opening Budget'!B30 -> CSP Startup Grant | E68: ='3) Pre-Opening Budget'!E30 -> 0 | F68: 0 | G68: 0 | H68: 0 | I68: 0 | J68: 0 | K68: 0 | L68: 0 | M68: 0 | N68: 0 | O68: 0 | P68: 0 | Q68: 0 | R68: =SUM(F68:Q68) -> 0 | S68: =E68-R68 -> 0
B69: Other | E69: ='3) Pre-Opening Budget'!E31 -> 0 | F69: 0 | G69: 0 | H69: 0 | I69: 0 | J69: 0 | K69: 0 | L69: 0 | M69: 0 | N69: 0 | O69: 0 | P69: 0 | Q69: 0 | R69: =SUM(F69:Q69) -> 0 | S69: =E69-R69 -> 0
B70: Other | E70: ='3) Pre-Opening Budget'!E32 -> 0 | F70: 0 | G70: 0 | H70: 0 | I70: 0 | J70: 0 | K70: 0 | L70: 0 | M70: 0 | N70: 0 | O70: 0 | P70: 0 | Q70: 0 | R70: =SUM(F70:Q70) -> 0 | S70: =E70-R70 -> 0
B72: School Activity Revenues | E72: ='3) Pre-Opening Budget'!E34 -> 0
B73: Other | E73: ='3) Pre-Opening Budget'!E35 -> 0 | F73: 0 | G73: 0 | H73: 0 | I73: 0 | J73: 0 | K73: 0 | L73: 0 | M73: 0 | N73: 0 | O73: 0 | P73: 0 | Q73: 0 | R73: 0 | S73: =E73-R73 -> 0
B74: Other | E74: ='3) Pre-Opening Budget'!E36 -> 0 | F74: 0 | G74: 0 | H74: 0 | I74: 0 | J74: 0 | K74: 0 | L74: 0 | M74: 0 | N74: 0 | O74: 0 | P74: 0 | Q74: 0 | R74: 0 | S74: =E74-R74 -> 0
B75: Other | E75: ='3) Pre-Opening Budget'!E37 -> 0 | F75: 0 | G75: 0 | H75: 0 | I75: 0 | J75: 0 | K75: 0 | L75: 0 | M75: 0 | N75: 0 | O75: 0 | P75: 0 | Q75: 0 | R75: 0 | S75: =E75-R75 -> 0
B76: Other | E76: ='3) Pre-Opening Budget'!E38 -> 0 | F76: 0 | G76: 0 | H76: 0 | I76: 0 | J76: 0 | K76: 0 | L76: 0 | M76: 0 | N76: 0 | O76: 0 | P76: 0 | Q76: 0 | R76: 0 | S76: =E76-R76 -> 0
B77: Other | E77: ='3) Pre-Opening Budget'!E39 -> 0 | F77: 0 | G77: 0 | H77: 0 | I77: 0 | J77: 0 | K77: 0 | L77: 0 | M77: 0 | N77: 0 | O77: 0 | P77: 0 | Q77: 0 | R77: 0 | S77: =E77-R77 -> 0
E78: ='3) Pre-Opening Budget'!E40 -> 0
B79: Fundraising & Philanthropy
B80: ='3) Pre-Opening Budget'!B42 -> Other | E80: ='3) Pre-Opening Budget'!E42 -> 0 | F80: 0 | G80: 0 | H80: 0 | I80: 0 | J80: 0 | K80: 0 | L80: 0 | M80: 0 | N80: 0 | O80: 0 | P80: 0 | Q80: 0 | R80: =SUM(F80:Q80) -> 0 | S80: =E80-R80 -> 0
B81: ='3) Pre-Opening Budget'!B43 -> Other | E81: ='3) Pre-Opening Budget'!E43 -> 0 | F81: 0 | G81: 0 | H81: 0 | I81: 0 | J81: 0 | K81: 0 | L81: 0 | M81: 0 | N81: 0 | O81: 0 | P81: 0 | Q81: 0 | R81: =SUM(F81:Q81) -> 0 | S81: =E81-R81 -> 0
B82: ='3) Pre-Opening Budget'!B44 -> Other | E82: ='3) Pre-Opening Budget'!E44 -> 0 | F82: 0 | G82: 0 | H82: 0 | I82: 0 | J82: 0 | K82: 0 | L82: 0 | M82: 0 | N82: 0 | O82: 0 | P82: 0 | Q82: 0 | R82: =SUM(F82:Q82) -> 0 | S82: =E82-R82 -> 0
B83: ='3) Pre-Opening Budget'!B45 -> Other | E83: ='3) Pre-Opening Budget'!E45 -> 0 | F83: 0 | G83: 0 | H83: 0 | I83: 0 | J83: 0 | K83: 0 | L83: 0 | M83: 0 | N83: 0 | O83: 0 | P83: 0 | Q83: 0 | R83: =SUM(F83:Q83) -> 0 | S83: =E83-R83 -> 0
B84: ='3) Pre-Opening Budget'!B46 -> Other | E84: ='3) Pre-Opening Budget'!E46 -> 0 | F84: 0 | G84: 0 | H84: 0 | I84: 0 | J84: 0 | K84: 0 | L84: 0 | M84: 0 | N84: 0 | O84: 0 | P84: 0 | Q84: 0 | R84: =SUM(F84:Q84) -> 0 | S84: =E84-R84 -> 0
B86: Total Revenues | E86: ='3) Pre-Opening Budget'!E48 -> 0 | F86: =F68+SUM(F80:F84) -> 0 | G86: =G68+SUM(G80:G84) -> 0 | H86: =H68+SUM(H80:H84) -> 0 | I86: =I68+SUM(I80:I84) -> 0 | J86: =J68+SUM(J80:J84) -> 0 | K86: =K68+SUM(K80:K84) -> 0 | L86: =L68+SUM(L80:L84) -> 0 | M86: =M68+SUM(M80:M84) -> 0 | ... S86: =S68+SUM(S80:S84) -> 0
E88: Compensation
E90: =E10 -> Year 0 | F90: =F10 -> Year 0 | G90: =G10 -> Year 0 | H90: =H10 -> Year 0 | I90: =I10 -> Year 0 | J90: =J10 -> Year 0 | K90: =K10 -> Year 0 | L90: =L10 -> Year 0 | ... S90: =S10 -> Year 0
E91: =E11 -> 2023-24 | F91: =F11 -> 2023-24 | G91: =G11 -> 2023-24 | H91: =H11 -> 2023-24 | I91: =I11 -> 2023-24 | J91: =J11 -> 2023-24 | K91: =K11 -> 2023-24 | L91: =L11 -> 2023-24 | ... S91: =S11 -> 2023-24
E92: =E12 -> Total Budget | F92: =F12 -> July | G92: =G12 -> August | H92: =H12 -> September | I92: =I12 -> October | J92: =J12 -> November | K92: =K12 -> December | L92: =L12 -> January | ... S92: =S12 -> AR/AP
B94: Compensation | T94: Assumption Notes
B95: ='3) Pre-Opening Budget'!B63 -> Principal/School Leader | E95: ='3) Pre-Opening Budget'!E63 -> 0 | F95: =$E95/12 -> 0 | G95: =$E95/12 -> 0 | H95: =$E95/12 -> 0 | I95: =$E95/12 -> 0 | J95: =$E95/12 -> 0 | K95: =$E95/12 -> 0 | L95: =$E95/12 -> 0 | M95: =$E95/12 -> 0 | ... Q95: =$E95/12 -> 0 | R95: =SUM(F95:Q95) -> 0 | S95: =E95-R95 -> 0
B96: ='3) Pre-Opening Budget'!B64 -> Assistant Principal | E96: ='3) Pre-Opening Budget'!E64 -> 0 | F96: =$E96/12 -> 0 | G96: =$E96/12 -> 0 | H96: =$E96/12 -> 0 | I96: =$E96/12 -> 0 | J96: =$E96/12 -> 0 | K96: =$E96/12 -> 0 | L96: =$E96/12 -> 0 | M96: =$E96/12 -> 0 | ... Q96: =$E96/12 -> 0 | R96: =SUM(F96:Q96) -> 0 | S96: =E96-R96 -> 0
B97: ='3) Pre-Opening Budget'!B65 -> Special Education Coordinator | E97: ='3) Pre-Opening Budget'!E65 -> 0 | F97: =$E97/12 -> 0 | G97: =$E97/12 -> 0 | H97: =$E97/12 -> 0 | I97: =$E97/12 -> 0 | J97: =$E97/12 -> 0 | K97: =$E97/12 -> 0 | L97: =$E97/12 -> 0 | M97: =$E97/12 -> 0 | ... Q97: =$E97/12 -> 0 | R97: =SUM(F97:Q97) -> 0 | S97: =E97-R97 -> 0
B98: ='3) Pre-Opening Budget'!B66 -> Deans, Directors | E98: ='3) Pre-Opening Budget'!E66 -> 0 | F98: =$E98/12 -> 0 | G98: =$E98/12 -> 0 | H98: =$E98/12 -> 0 | I98: =$E98/12 -> 0 | J98: =$E98/12 -> 0 | K98: =$E98/12 -> 0 | L98: =$E98/12 -> 0 | M98: =$E98/12 -> 0 | ... Q98: =$E98/12 -> 0 | R98: =SUM(F98:Q98) -> 0 | S98: =E98-R98 -> 0
B99: ='3) Pre-Opening Budget'!B67 -> Other (Specify in Assumptions) | E99: ='3) Pre-Opening Budget'!E67 -> 0 | F99: =$E99/12 -> 0 | G99: =$E99/12 -> 0 | H99: =$E99/12 -> 0 | I99: =$E99/12 -> 0 | J99: =$E99/12 -> 0 | K99: =$E99/12 -> 0 | L99: =$E99/12 -> 0 | M99: =$E99/12 -> 0 | ... Q99: =$E99/12 -> 0 | R99: =SUM(F99:Q99) -> 0 | S99: =E99-R99 -> 0
B100: ='[1]5) Year 1-5 Staff Assumptions'!B56 -> Total Administrative Compensation | E100: ='3) Pre-Opening Budget'!E68 -> 0 | F100: =SUM(F95:F99) -> 0 | G100: =SUM(G95:G99) -> 0 | H100: =SUM(H95:H99) -> 0 | I100: =SUM(I95:I99) -> 0 | J100: =SUM(J95:J99) -> 0 | K100: =SUM(K95:K99) -> 0 | L100: =SUM(L95:L99) -> 0 | M100: =SUM(M95:M99) -> 0 | ... S100: =SUM(S95:S99) -> 0
B102: ='[1]5) Year 1-5 Staff Assumptions'!B58 -> Instructional Staff
B103: ='[1]3) Pre-Opening Budget'!B71 -> Teachers | E103: ='3) Pre-Opening Budget'!E71 -> 0 | F103: =$E103/12 -> 0 | G103: =$E103/12 -> 0 | H103: =$E103/12 -> 0 | I103: =$E103/12 -> 0 | J103: =$E103/12 -> 0 | K103: =$E103/12 -> 0 | L103: =$E103/12 -> 0 | M103: =$E103/12 -> 0 | ... Q103: =$E103/12 -> 0 | R103: =SUM(F103:Q103) -> 0 | S103: =E103-R103 -> 0
B104: ='[1]3) Pre-Opening Budget'!B72 -> Special Education Teachers | E104: ='3) Pre-Opening Budget'!E72 -> 0 | F104: =$E104/12 -> 0 | G104: =$E104/12 -> 0 | H104: =$E104/12 -> 0 | I104: =$E104/12 -> 0 | J104: =$E104/12 -> 0 | K104: =$E104/12 -> 0 | L104: =$E104/12 -> 0 | M104: =$E104/12 -> 0 | ... Q104: =$E104/12 -> 0 | R104: =SUM(F104:Q104) -> 0 | S104: =E104-R104 -> 0
B105: ='[1]3) Pre-Opening Budget'!B73 -> Eduacational Assistants/Aides | E105: ='3) Pre-Opening Budget'!E73 -> 0 | F105: =$E105/12 -> 0 | G105: =$E105/12 -> 0 | H105: =$E105/12 -> 0 | I105: =$E105/12 -> 0 | J105: =$E105/12 -> 0 | K105: =$E105/12 -> 0 | L105: =$E105/12 -> 0 | M105: =$E105/12 -> 0 | ... Q105: =$E105/12 -> 0 | R105: =SUM(F105:Q105) -> 0 | S105: =E105-R105 -> 0
B106: ='[1]3) Pre-Opening Budget'!B74 -> Elective Teachers | E106: ='3) Pre-Opening Budget'!E74 -> 0 | F106: =$E106/12 -> 0 | G106: =$E106/12 -> 0 | H106: =$E106/12 -> 0 | I106: =$E106/12 -> 0 | J106: =$E106/12 -> 0 | K106: =$E106/12 -> 0 | L106: =$E106/12 -> 0 | M106: =$E106/12 -> 0 | ... Q106: =$E106/12 -> 0 | R106: =SUM(F106:Q106) -> 0 | S106: =E106-R106 -> 0
B107: ='[1]3) Pre-Opening Budget'!B75 -> Other (Specify in Assumptions) | E107: ='3) Pre-Opening Budget'!E75 -> 0 | F107: =$E107/12 -> 0 | G107: =$E107/12 -> 0 | H107: =$E107/12 -> 0 | I107: =$E107/12 -> 0 | J107: =$E107/12 -> 0 | K107: =$E107/12 -> 0 | L107: =$E107/12 -> 0 | M107: =$E107/12 -> 0 | ... Q107: =$E107/12 -> 0 | R107: =SUM(F107:Q107) -> 0 | S107: =E107-R107 -> 0
B108: ='[1]3) Pre-Opening Budget'!B76 -> Total Instructional Compensation | E108: ='3) Pre-Opening Budget'!E76 -> 0 | F108: =SUM(F103:F107) -> 0 | G108: =SUM(G103:G107) -> 0 | H108: =SUM(H103:H107) -> 0 | I108: =SUM(I103:I107) -> 0 | J108: =SUM(J103:J107) -> 0 | K108: =SUM(K103:K107) -> 0 | L108: =SUM(L103:L107) -> 0 | M108: =SUM(M103:M107) -> 0 | ... S108: =SUM(S103:S107) -> 0
B110: ='[1]3) Pre-Opening Budget'!B78 -> Non-Instructional Staff
B111: ='[1]3) Pre-Opening Budget'!B79 -> Clerical Staff | E111: ='3) Pre-Opening Budget'!E79 -> 0 | F111: 0 | G111: 0 | H111: 0 | I111: 0 | J111: 0 | K111: 0 | L111: =$E111/6 -> 0 | M111: =$E111/6 -> 0 | N111: =$E111/6 -> 0 | O111: =$E111/6 -> 0 | P111: =$E111/6 -> 0 | Q111: =$E111/6 -> 0 | R111: =SUM(F111:Q111) -> 0 | S111: =E111-R111 -> 0
B112: ='[1]3) Pre-Opening Budget'!B80 -> Custodial Staff | E112: ='3) Pre-Opening Budget'!E80 -> 0 | F112: =$E112/6 -> 0 | G112: =$E112/6 -> 0 | H112: =$E112/6 -> 0 | I112: =$E112/6 -> 0 | J112: =$E112/6 -> 0 | K112: =$E112/6 -> 0 | L112: =$E112/6 -> 0 | M112: =$E112/6 -> 0 | ... Q112: =$E112/6 -> 0 | R112: =SUM(F112:Q112) -> 0 | S112: =E112-R112 -> 0
B113: ='[1]3) Pre-Opening Budget'!B81 -> Operations | E113: ='3) Pre-Opening Budget'!E81 -> 0 | F113: 0 | G113: 0 | H113: 0 | I113: 0 | J113: 0 | K113: 0 | L113: =$E113/6 -> 0 | M113: =$E113/6 -> 0 | N113: =$E113/6 -> 0 | O113: =$E113/6 -> 0 | P113: =$E113/6 -> 0 | Q113: =$E113/6 -> 0 | R113: =SUM(F113:Q113) -> 0 | S113: =E113-R113 -> 0
B114: ='[1]3) Pre-Opening Budget'!B82 -> Social Workers/Counseling | E114: ='3) Pre-Opening Budget'!E82 -> 0 | F114: =$E114/6 -> 0 | G114: =$E114/6 -> 0 | H114: =$E114/6 -> 0 | I114: =$E114/6 -> 0 | J114: =$E114/6 -> 0 | K114: =$E114/6 -> 0 | L114: =$E114/6 -> 0 | M114: =$E114/6 -> 0 | ... Q114: =$E114/6 -> 0 | R114: =SUM(F114:Q114) -> 0 | S114: =E114-R114 -> 0
B115: ='[1]3) Pre-Opening Budget'!B83 -> Other (Specify in Assumptions) | E115: ='3) Pre-Opening Budget'!E83 -> 0 | F115: =$E115/6 -> 0 | G115: =$E115/6 -> 0 | H115: =$E115/6 -> 0 | I115: =$E115/6 -> 0 | J115: =$E115/6 -> 0 | K115: =$E115/6 -> 0 | L115: =$E115/6 -> 0 | M115: =$E115/6 -> 0 | ... Q115: =$E115/6 -> 0 | R115: =SUM(F115:Q115) -> 0 | S115: =E115-R115 -> 0
B116: ='[1]5) Year 1-5 Staff Assumptions'!B72 -> Total Non-Instructional Compensation | E116: ='3) Pre-Opening Budget'!E84 -> 0 | F116: =SUM(F111:F115) -> 0 | G116: =SUM(G111:G115) -> 0 | H116: =SUM(H111:H115) -> 0 | I116: =SUM(I111:I115) -> 0 | J116: =SUM(J111:J115) -> 0 | K116: =SUM(K111:K115) -> 0 | L116: =SUM(L111:L115) -> 0 | M116: =SUM(M111:M115) -> 0 | ... S116: =SUM(S111:S115) -> 0
B118: ='3) Pre-Opening Budget'!B86 -> Bonus | E118: ='3) Pre-Opening Budget'!E86 -> 0 | F118: =$E118/12 -> 0 | G118: =$E118/12 -> 0 | H118: =$E118/12 -> 0 | I118: =$E118/12 -> 0 | J118: =$E118/12 -> 0 | K118: =$E118/12 -> 0 | L118: =$E118/12 -> 0 | M118: =$E118/12 -> 0 | ... Q118: =$E118/12 -> 0 | R118: =SUM(F118:Q118) -> 0 | S118: =E118-R118 -> 0
B119: ='3) Pre-Opening Budget'!B87 -> Other Non FTE Compensation | E119: ='3) Pre-Opening Budget'!E87 -> 0 | F119: =$E119/12 -> 0 | G119: =$E119/12 -> 0 | H119: =$E119/12 -> 0 | I119: =$E119/12 -> 0 | J119: =$E119/12 -> 0 | K119: =$E119/12 -> 0 | L119: =$E119/12 -> 0 | M119: =$E119/12 -> 0 | ... Q119: =$E119/12 -> 0 | R119: =SUM(F119:Q119) -> 0 | S119: =E119-R119 -> 0
B120: ='3) Pre-Opening Budget'!B88 -> Other Non FTE Compensation | E120: ='3) Pre-Opening Budget'!E88 -> 0 | F120: =$E120/12 -> 0 | G120: =$E120/12 -> 0 | H120: =$E120/12 -> 0 | I120: =$E120/12 -> 0 | J120: =$E120/12 -> 0 | K120: =$E120/12 -> 0 | L120: =$E120/12 -> 0 | M120: =$E120/12 -> 0 | ... Q120: =$E120/12 -> 0 | R120: =SUM(F120:Q120) -> 0 | S120: =E120-R120 -> 0
B121: ='3) Pre-Opening Budget'!B89 -> Other Non FTE Compensation | E121: ='3) Pre-Opening Budget'!E89 -> 0 | F121: =$E121/12 -> 0 | G121: =$E121/12 -> 0 | H121: =$E121/12 -> 0 | I121: =$E121/12 -> 0 | J121: =$E121/12 -> 0 | K121: =$E121/12 -> 0 | L121: =$E121/12 -> 0 | M121: =$E121/12 -> 0 | ... Q121: =$E121/12 -> 0 | R121: =SUM(F121:Q121) -> 0 | S121: =E121-R121 -> 0
B123: ='[1]5) Year 1-5 Staff Assumptions'!B79 -> Total Compensation | E123: ='3) Pre-Opening Budget'!E92 -> 0 | F123: =F100+F108+F116+SUM(F118:F121) -> 0 | G123: =G100+G108+G116+SUM(G118:G121) -> 0 | H123: =H100+H108+H116+SUM(H118:H121) -> 0 | I123: =I100+I108+I116+SUM(I118:I121) -> 0 | J123: =J100+J108+J116+SUM(J118:J121) -> 0 | K123: =K100+K108+K116+SUM(K118:K121) -> 0 | L123: =L100+L108+L116+SUM(L118:L121) -> 0 | M123: =M100+M108+M116+SUM(M118:M121) -> 0 | ... S123: =S100+S108+S116+SUM(S118:S121) -> 0
E126: Employer Benefits & Taxes
E128: =E90 -> Year 0 | F128: =F90 -> Year 0 | G128: =G90 -> Year 0 | H128: =H90 -> Year 0 | I128: =I90 -> Year 0 | J128: =J90 -> Year 0 | K128: =K90 -> Year 0 | L128: =L90 -> Year 0 | ... S128: =S90 -> Year 0
E129: =E91 -> 2023-24 | F129: =F91 -> 2023-24 | G129: =G91 -> 2023-24 | H129: =H91 -> 2023-24 | I129: =I91 -> 2023-24 | J129: =J91 -> 2023-24 | K129: =K91 -> 2023-24 | L129: =L91 -> 2023-24 | ... S129: =S91 -> 2023-24
E130: =E92 -> Total Budget | F130: =F92 -> July | G130: =G92 -> August | H130: =H92 -> September | I130: =I92 -> October | J130: =J92 -> November | K130: =K92 -> December | L130: =L92 -> January | ... S130: =S92 -> AR/AP
T131: Assumption Notes
B132: ='3) Pre-Opening Budget'!B101 -> Social Security | E132: ='3) Pre-Opening Budget'!E101 -> 0 | F132: =$E132/12 -> 0 | G132: =$E132/12 -> 0 | H132: =$E132/12 -> 0 | I132: =$E132/12 -> 0 | J132: =$E132/12 -> 0 | K132: =$E132/12 -> 0 | L132: =$E132/12 -> 0 | M132: =$E132/12 -> 0 | ... Q132: =$E132/12 -> 0 | R132: =SUM(F132:Q132) -> 0 | S132: =E132-R132 -> 0
...

Sheet 5) Year 1-5 Staff Assumptions
B3: =IF('1) Proposed School Information'!E12="","ENTER SCHOOL NAME ON PROPOSED SCHOOL INFO SHEET",'1) Proposed School Information'!E12) -> ENTER SCHOOL NAME ON PROPOSED SCHOOL INFO SHEET
B4: New Charter School Application Budget Template
B5: Year 1-5 Staff Assumptions
B8: FTE Assumptions
E10: Year 1 | F10: Year 2 | G10: Year 3 | H10: Year 4 | I10: Year 5
B11: Fiscal Year | E11: ='2) Student Assumptions'!E11 -> 2024-25 | F11: ='2) Student Assumptions'!F11 -> 2025-26 | G11: ='2) Student Assumptions'!G11 -> 2026-27 | H11: ='2) Student Assumptions'!H11 -> 2027-28 | I11: ='2) Student Assumptions'!I11 -> 2028-29
B12: Enrollment | E12: ='2) Student Assumptions'!E29 -> 0 | F12: ='2) Student Assumptions'!F29 -> 0 | G12: ='2) Student Assumptions'!G29 -> 0 | H12: ='2) Student Assumptions'!H29 -> 0 | I12: ='2) Student Assumptions'!I29 -> 0
B13: # of Classes | E13: ='2) Student Assumptions'!E53 -> 0 | F13: ='2) Student Assumptions'!F53 -> 0 | G13: ='2) Student Assumptions'!G53 -> 0 | H13: ='2) Student Assumptions'!H53 -> 0 | I13: ='2) Student Assumptions'!I53 -> 0
B16: Administrative Staff
B17: Principal/School Leader | E17: 0 | F17: 0 | G17: 0 | H17: 0 | I17: 0
B18: Assistant Principal | E18: 0 | F18: 0 | G18: 0 | H18: 0 | I18: 0
B19: Special Education Coordinator | E19: 0 | F19: 0 | G19: 0 | H19: 0 | I19: 0
B20: Deans, Directors | E20: 0 | F20: 0 | G20: 0 | H20: 0 | I20: 0
B21: Other (Specify in Assumptions) | E21: 0 | F21: 0 | G21: 0 | H21: 0 | I21: 0
B22: Total Administrative FTE | E22: =SUM(E17:E21) -> 0 | F22: =SUM(F17:F21) -> 0 | G22: =SUM(G17:G21) -> 0 | H22: =SUM(H17:H21) -> 0 | I22: =SUM(I17:I21) -> 0
B24: Instructional Staff
B25: Teachers | E25: 0 | F25: 0 | G25: 0 | H25: 0 | I25: 0
B26: Special Education Teachers | E26: 0 | F26: 0 | G26: 0 | H26: 0 | I26: 0
B27: Eduacational Assistants/Aides | E27: 0 | F27: 0 | G27: 0 | H27: 0 | I27: 0
B28: Elective Teachers | E28: 0 | F28: 0 | G28: 0 | H28: 0 | I28: 0
B29: Other (Specify in Assumptions) | E29: 0 | F29: 0 | G29: 0 | H29: 0 | I29: 0
B30: Total Instructional FTE | E30: =SUM(E25:E29) -> 0 | F30: =SUM(F25:F29) -> 0 | G30: =SUM(G25:G29) -> 0 | H30: =SUM(H25:H29) -> 0 | I30: =SUM(I25:I29) -> 0
B32: Non-Instructional Staff
B33: Clerical Staff | E33: 0 | F33: 0 | G33: 0 | H33: 0 | I33: 0
B34: Custodial Staff | E34: 0 | F34: 0 | G34: 0 | H34: 0 | I34: 0
B35: Operations | E35: 0 | F35: 0 | G35: 0 | H35: 0 | I35: 0
B36: Social Workers/Counseling | E36: 0 | F36: 0 | G36: 0 | H36: 0 | I36: 0
B37: Other (Specify in Assumptions) | E37: 0 | F37: 0 | G37: 0 | H37: 0 | I37: 0
B38: Total Non-Instructional FTE | E38: =SUM(E33:E37) -> 0 | F38: =SUM(F33:F37) -> 0 | G38: =SUM(G33:G37) -> 0 | H38: =SUM(H33:H37) -> 0 | I38: =SUM(I33:I37) -> 0
B40: Total FTE | E40: =E22+E30+E38 -> 0 | F40: =F22+F30+F38 -> 0 | G40: =G22+G30+G38 -> 0 | H40: =H22+H30+H38 -> 0 | I40: =I22+I30+I38 -> 0
B42: Compensation Assumptions
E44: Year 1 | F44: Year 2 | G44: Year 3 | H44: Year 4 | I44: Year 5
E45: =E11 -> 2024-25 | F45: =F11 -> 2025-26 | G45: =G11 -> 2026-27 | H45: =H11 -> 2027-28 | I45: =I11 -> 2028-29
C47: Annual Increase | E47: 0 | F47: 0 | G47: 0 | H47: 0 | I47: 0
C48: Cumultative Increase | E48: =100%+E47 -> 1 | F48: =E48*(1+F47) -> 1 | G48: =F48*(1+G47) -> 1 | H48: =G48*(1+H47) -> 1 | I48: =H48*(1+I47) -> 1
B50: Administrative Staff | C50: Base Assumption | K50: Assumption Notes
B51: =B17 -> Principal/School Leader | C51: 0 | E51: =$C51*E17*E$48 -> 0 | F51: =$C51*F17*F$48 -> 0 | G51: =$C51*G17*G$48 -> 0 | H51: =$C51*H17*H$48 -> 0 | I51: =$C51*I17*I$48 -> 0
B52: =B18 -> Assistant Principal | C52: 0 | E52: =$C52*E18*E$48 -> 0 | F52: =$C52*F18*F$48 -> 0 | G52: =$C52*G18*G$48 -> 0 | H52: =$C52*H18*H$48 -> 0 | I52: =$C52*I18*I$48 -> 0
B53: =B19 -> Special Education Coordinator | C53: 0 | E53: =$C53*E19*E$48 -> 0 | F53: =$C53*F19*F$48 -> 0 | G53: =$C53*G19*G$48 -> 0 | H53: =$C53*H19*H$48 -> 0 | I53: =$C53*I19*I$48 -> 0
B54: =B20 -> Deans, Directors | C54: 0 | E54: =$C54*E20*E$48 -> 0 | F54: =$C54*F20*F$48 -> 0 | G54: =$C54*G20*G$48 -> 0 | H54: =$C54*H20*H$48 -> 0 | I54: =$C54*I20*I$48 -> 0
B55: =B21 -> Other (Specify in Assumptions) | C55: 0 | E55: =$C55*E21*E$48 -> 0 | F55: =$C55*F21*F$48 -> 0 | G55: =$C55*G21*G$48 -> 0 | H55: =$C55*H21*H$48 -> 0 | I55: =$C55*I21*I$48 -> 0
B56: Total Administrative Compensation | E56: =SUM(E51:E55) -> 0 | F56: =SUM(F51:F55) -> 0 | G56: =SUM(G51:G55) -> 0 | H56: =SUM(H51:H55) -> 0 | I56: =SUM(I51:I55) -> 0
B58: Instructional Staff
B59: =B25 -> Teachers | C59: 0 | E59: =$C59*E25*E$48 -> 0 | F59: =$C59*F25*F$48 -> 0 | G59: =$C59*G25*G$48 -> 0 | H59: =$C59*H25*H$48 -> 0 | I59: =$C59*I25*I$48 -> 0
B60: =B26 -> Special Education Teachers | C60: 0 | E60: =$C60*E26*E$48 -> 0 | F60: =$C60*F26*F$48 -> 0 | G60: =$C60*G26*G$48 -> 0 | H60: =$C60*H26*H$48 -> 0 | I60: =$C60*I26*I$48 -> 0
B61: =B27 -> Eduacational Assistants/Aides | C61: 0 | E61: =$C61*E27*E$48 -> 0 | F61: =$C61*F27*F$48 -> 0 | G61: =$C61*G27*G$48 -> 0 | H61: =$C61*H27*H$48 -> 0 | I61: =$C61*I27*I$48 -> 0
B62: =B28 -> Elective Teachers | C62: 0 | E62: =$C62*E28*E$48 -> 0 | F62: =$C62*F28*F$48 -> 0 | G62: =$C62*G28*G$48 -> 0 | H62: =$C62*H28*H$48 -> 0 | I62: =$C62*I28*I$48 -> 0
B63: =B29 -> Other (Specify in Assumptions) | C63: 0 | E63: =$C63*E29*E$48 -> 0 | F63: =$C63*F29*F$48 -> 0 | G63: =$C63*G29*G$48 -> 0 | H63: =$C63*H29*H$48 -> 0 | I63: =$C63*I29*I$48 -> 0
B64: Total Instructional Compensation | E64: =SUM(E59:E63) -> 0 | F64: =SUM(F59:F63) -> 0 | G64: =SUM(G59:G63) -> 0 | H64: =SUM(H59:H63) -> 0 | I64: =SUM(I59:I63) -> 0
B66: Non-Instructional Staff
B67: =B33 -> Clerical Staff | C67: 0 | E67: =$C67*E33*E$48 -> 0 | F67: =$C67*F33*F$48 -> 0 | G67: =$C67*G33*G$48 -> 0 | H67: =$C67*H33*H$48 -> 0 | I67: =$C67*I33*I$48 -> 0
B68: =B34 -> Custodial Staff | C68: 0 | E68: =$C68*E34*E$48 -> 0 | F68: =$C68*F34*F$48 -> 0 | G68: =$C68*G34*G$48 -> 0 | H68: =$C68*H34*H$48 -> 0 | I68: =$C68*I34*I$48 -> 0
B69: =B35 -> Operations | C69: 0 | E69: =$C69*E35*E$48 -> 0 | F69: =$C69*F35*F$48 -> 0 | G69: =$C69*G35*G$48 -> 0 | H69: =$C69*H35*H$48 -> 0 | I69: =$C69*I35*I$48 -> 0
B70: =B36 -> Social Workers/Counseling | C70: 0 | E70: =$C70*E36*E$48 -> 0 | F70: =$C70*F36*F$48 -> 0 | G70: =$C70*G36*G$48 -> 0 | H70: =$C70*H36*H$48 -> 0 | I70: =$C70*I36*I$48 -> 0
B71: =B37 -> Other (Specify in Assumptions) | C71: 0 | E71: =$C71*E37*E$48 -> 0 | F71: =$C71*F37*F$48 -> 0 | G71: =$C71*G37*G$48 -> 0 | H71: =$C71*H37*H$48 -> 0 | I71: =$C71*I37*I$48 -> 0
B72: Total Non-Instructional Compensation | E72: =SUM(E67:E71) -> 0 | F72: =SUM(F67:F71) -> 0 | G72: =SUM(G67:G71) -> 0 | H72: =SUM(H67:H71) -> 0 | I72: =SUM(I67:I71) -> 0
B74: Other Compensation | E74: 0 | F74: 0 | G74: 0 | H74: 0 | I74: 0
B75: Other Compensation | E75: 0 | F75: 0 | G75: 0 | H75: 0 | I75: 0
B76: Other Compensation | E76: 0 | F76: 0 | G76: 0 | H76: 0 | I76: 0
B77: Other Compensation | E77: 0 | F77: 0 | G77: 0 | H77: 0 | I77: 0
B79: Total Compensation | E79: =E56+E64+E72+SUM(E74:E77) -> 0 | F79: =F56+F64+F72+SUM(F74:F77) -> 0 | G79: =G56+G64+G72+SUM(G74:G77) -> 0 | H79: =H56+H64+H72+SUM(H74:H77) -> 0 | I79: =I56+I64+I72+SUM(I74:I77) -> 0
B81: Employer Benefits & Tax Assumptions
E83: Year 1 | F83: Year 2 | G83: Year 3 | H83: Year 4 | I83: Year 5
E84: =E11 -> 2024-25 | F84: =F11 -> 2025-26 | G84: =G11 -> 2026-27 | H84: =H11 -> 2027-28 | I84: =I11 -> 2028-29
C85: Base Assumption | K85: Assumption Notes
B86: Social Security | C86: 0.062 | E86: =C86*E79 -> 0 | F86: =F79*C86 -> 0 | G86: =G79*C86 -> 0 | H86: =H79*C86 -> 0 | I86: =I79*C86 -> 0
B87: Medicare | C87: 0.0145 | E87: =C87*E79 -> 0 | F87: =C87*F79 -> 0 | G87: =C87*G79 -> 0 | H87: =C87*H79 -> 0 | I87: =C87*I79 -> 0
B88: State Unemployment | C88: $400 per employee | E88: =400*E40 -> 0 | F88: =400*F40 -> 0 | G88: =400*G40 -> 0 | H88: =400*H40 -> 0 | I88: =400*I40 -> 0
B89: Disability/Life Insurance | C89: 0 | E89: =C89*E79 -> 0 | F89: =C89*F79 -> 0 | G89: =C89*G79 -> 0 | H89: =C89*H79 -> 0 | I89: =C89*I79 -> 0
B90: Workers Compensation Insurance | C90: 0 | E90: =C90*E79 -> 0 | F90: =C90*F79 -> 0 | G90: =C90*G79 -> 0 | H90: =C90*H79 -> 0 | I90: =C90*I79 -> 0
B91: Other Fringe Benefits | C91: 0 | E91: =C91*E79 -> 0 | F91: =C91*F79 -> 0 | G91: =C91*G79 -> 0 | H91: =C91*H79 -> 0 | I91: =C91*I79 -> 0
C93: Health Insurance Annual Increase | E93: 0 | F93: 0 | G93: 0 | H93: 0 | I93: 0
C94: Cumultative Increase | E94: =100%+E93 -> 1 | F94: =E94*(1+F93) -> 1 | G94: =F94*(1+G93) -> 1 | H94: =G94*(1+H93) -> 1 | I94: =H94*(1+I93) -> 1
B96: Medical Insurance | C96: 0 | E96: =C96*E40 -> 0 | F96: =C96*F40 -> 0 | G96: =C96*G40 -> 0 | H96: =C96*H40 -> 0 | I96: =C96*I40 -> 0
B97: Dental Insurance | C97: 0 | E97: =C97*E40 -> 0 | F97: =C97*F40 -> 0 | G97: =C97*G40 -> 0 | H97: =C97*H40 -> 0 | I97: =C97*I40 -> 0
B98: Vision Insurance | C98: 0 | E98: =C98*E40 -> 0 | F98: =C98*F40 -> 0 | G98: =C98*G40 -> 0 | H98: =C98*H40 -> 0 | I98: =C98*I40 -> 0
B100: TCRS Certified Legacy | C100: 0 | E100: =$C$100*E$79 -> 0 | F100: =$C$100*F$79 -> 0 | G100: =$C$100*G$79 -> 0 | H100: =$C$100*H$79 -> 0 | I100: =$C$100*I$79 -> 0
B101: TCRS Certified Hybrid | C101: 0 | E101: =$C$101*E$79 -> 0 | F101: =$C$101*F$79 -> 0 | G101: =$C$101*G$79 -> 0 | H101: =$C$101*H$79 -> 0 | I101: =$C$101*I$79 -> 0
B102: TCRS Classified Legacy | C102: 0 | E102: =$C$102*E$79 -> 0 | F102: =$C$102*F$79 -> 0 | G102: =$C$102*G$79 -> 0 | H102: =$C$102*H$79 -> 0 | I102: =$C$102*I$79 -> 0
B103: TCRS Classified Hybrid | C103: 0 | E103: =$C$103*E$79 -> 0 | F103: =$C$103*F$79 -> 0 | G103: =$C$103*G$79 -> 0 | H103: =$C$103*H$79 -> 0 | I103: =$C$103*I$79 -> 0
B104: Other Classified Retirement | C104: 0 | E104: =$C$104*E$79 -> 0 | F104: =$C$104*F$79 -> 0 | G104: =$C$104*G$79 -> 0 | H104: =$C$104*H$79 -> 0 | I104: =$C$104*I$79 -> 0
B105: Other Retirement | C105: 0 | E105: =$C$105*E$79 -> 0 | F105: =$C$105*F$79 -> 0 | G105: =$C$105*G$79 -> 0 | H105: =$C$105*H$79 -> 0 | I105: =$C$105*I$79 -> 0

Sheet 6) Year 1 Budget
E3: =IF('1) Proposed School Information'!E12="","ENTER SCHOOL NAME ON PROPOSED SCHOOL INFO SHEET",'1) Proposed School Information'!E12) -> ENTER SCHOOL NAME ON PROPOSED SCHOOL INFO SHEET
E4: New Charter School Application Budget Template
E5: Year 1 Budget
C8: Revenue Assumptions
E10: Year 1
E11: =IF('1) Proposed School Information'!E21="Select Year"," ",'1) Proposed School Information'!E21) -> 2024-25
C12: Annual Revenue Increase | E12: 0
C13: Cumultative Increase | E13: =100%+E12 -> 1
B17: State Revenues | C17: Rate/Assumption | F17: Assumption Notes
B18: TISA Base Rate | C18: 6860 | E18: =C18*'2) Student Assumptions'!$E$29 -> 0
B19: TISA Weights | C19: See Tracker | E19: 0
B20: TISA Direct | C20: See Tracker | E20: 0
B21: Other
B22: Other
B24: Federal Revenues | E24: 0
B25: Title I | C25: 0 | E25: =C25*'2) Student Assumptions'!$E$29 -> 0
B26: Title II | C26: 0 | E26: 0
B27: Title III | C27: 0 | E27: 0
B28: NSLP | C28: 0 | E28: 0
B29: E-Rate | C29: 0 | E29: 0
B30: CSP Startup Grant | C30: 0 | E30: =C30 -> 0
B31: Other | C31: 0 | E31: 0
B32: Other | C32: 0 | E32: 0
B34: School Activity Revenues
B35: Other | C35: 0 | E35: 0
B36: Other | C36: 0 | E36: 0
B37: Other | C37: 0 | E37: 0
B38: Other | C38: 0 | E38: 0
B39: Other | C39: 0 | E39: 0
B41: Fundraising & Philanthropy
B42: ='3) Pre-Opening Budget'!B42 -> Other | C42: 0 | E42: 0
B43: ='3) Pre-Opening Budget'!B43 -> Other | C43: 0 | E43: 0
B44: ='3) Pre-Opening Budget'!B44 -> Other | C44: 0 | E44: 0
B45: ='3) Pre-Opening Budget'!B45 -> Other | C45: 0 | E45: 0
B46: ='3) Pre-Opening Budget'!B46 -> Other | C46: 0 | E46: 0
B48: Total Revenues | E48: =SUM(E18:E22,E24:E32,E35:E39,E42:E46) -> 0
C50: Compensation
E52: Year 1
E53: =E11 -> 2024-25
B56: ='[1]5) Year 1-5 Staff Assumptions'!B50 -> Administrative Staff | C56: FTE Count | F56: Assumption Notes
B57: ='[1]5) Year 1-5 Staff Assumptions'!B51 -> Principal/School Leader | C57: ='5) Year 1-5 Staff Assumptions'!E17 -> 0 | E57: ='5) Year 1-5 Staff Assumptions'!E51 -> 0
B58: ='[1]5) Year 1-5 Staff Assumptions'!B52 -> Assistant Principal | C58: ='5) Year 1-5 Staff Assumptions'!E18 -> 0 | E58: ='5) Year 1-5 Staff Assumptions'!E52 -> 0
B59: ='[1]5) Year 1-5 Staff Assumptions'!B53 -> Special Education Coordinator | C59: ='5) Year 1-5 Staff Assumptions'!E19 -> 0 | E59: ='5) Year 1-5 Staff Assumptions'!E53 -> 0
B60: ='[1]5) Year 1-5 Staff Assumptions'!B54 -> Deans, Directors | C60: ='5) Year 1-5 Staff Assumptions'!E20 -> 0 | E60: ='5) Year 1-5 Staff Assumptions'!E54 -> 0
B61: ='[1]5) Year 1-5 Staff Assumptions'!B55 -> Other (Specify in Assumptions) | C61: ='5) Year 1-5 Staff Assumptions'!E21 -> 0 | E61: ='5) Year 1-5 Staff Assumptions'!E55 -> 0
B62: ='[1]5) Year 1-5 Staff Assumptions'!B56 -> Total Administrative Compensation | C62: ='5) Year 1-5 Staff Assumptions'!E22 -> 0 | E62: ='5) Year 1-5 Staff Assumptions'!E56 -> 0
B64: ='[1]5) Year 1-5 Staff Assumptions'!B58 -> Instructional Staff
B65: ='[1]5) Year 1-5 Staff Assumptions'!B59 -> Teachers | C65: ='5) Year 1-5 Staff Assumptions'!E25 -> 0 | E65: ='5) Year 1-5 Staff Assumptions'!E59 -> 0
B66: ='[1]5) Year 1-5 Staff Assumptions'!B60 -> Special Education Teachers | C66: ='5) Year 1-5 Staff Assumptions'!E26 -> 0 | E66: ='5) Year 1-5 Staff Assumptions'!E60 -> 0
B67: ='[1]5) Year 1-5 Staff Assumptions'!B61 -> Eduacational Assistants/Aides | C67: ='5) Year 1-5 Staff Assumptions'!E27 -> 0 | E67: ='5) Year 1-5 Staff Assumptions'!E61 -> 0
B68: ='[1]5) Year 1-5 Staff Assumptions'!B62 -> Elective Teachers | C68: ='5) Year 1-5 Staff Assumptions'!E28 -> 0 | E68: ='5) Year 1-5 Staff Assumptions'!E62 -> 0
B69: ='[1]5) Year 1-5 Staff Assumptions'!B63 -> Other (Specify in Assumptions) | C69: ='5) Year 1-5 Staff Assumptions'!E29 -> 0 | E69: ='5) Year 1-5 Staff Assumptions'!E63 -> 0
B70: ='[1]5) Year 1-5 Staff Assumptions'!B64 -> Total Instructional Compensation | C70: ='5) Year 1-5 Staff Assumptions'!E30 -> 0 | E70: ='5) Year 1-5 Staff Assumptions'!E64 -> 0
B72: ='[1]5) Year 1-5 Staff Assumptions'!B66 -> Non-Instructional Staff
B73: ='[1]5) Year 1-5 Staff Assumptions'!B67 -> Clerical Staff | C73: ='5) Year 1-5 Staff Assumptions'!E33 -> 0 | E73: ='5) Year 1-5 Staff Assumptions'!E67 -> 0
B74: ='[1]5) Year 1-5 Staff Assumptions'!B68 -> Custodial Staff | C74: ='5) Year 1-5 Staff Assumptions'!E34 -> 0 | E74: ='5) Year 1-5 Staff Assumptions'!E68 -> 0
B75: ='[1]5) Year 1-5 Staff Assumptions'!B69 -> Operations | C75: ='5) Year 1-5 Staff Assumptions'!E35 -> 0 | E75: ='5) Year 1-5 Staff Assumptions'!E69 -> 0
B76: ='[1]5) Year 1-5 Staff Assumptions'!B70 -> Social Workers/Counseling | C76: ='5) Year 1-5 Staff Assumptions'!E36 -> 0 | E76: ='5) Year 1-5 Staff Assumptions'!E70 -> 0
B77: ='[1]5) Year 1-5 Staff Assumptions'!B71 -> Other (Specify in Assumptions) | C77: ='5) Year 1-5 Staff Assumptions'!E37 -> 0 | E77: ='5) Year 1-5 Staff Assumptions'!E71 -> 0
B78: ='[1]5) Year 1-5 Staff Assumptions'!B72 -> Total Non-Instructional Compensation | C78: ='5) Year 1-5 Staff Assumptions'!E38 -> 0 | E78: ='5) Year 1-5 Staff Assumptions'!E72 -> 0
B80: ='[1]5) Year 1-5 Staff Assumptions'!B74 -> Other Compensation | E80: ='5) Year 1-5 Staff Assumptions'!E74 -> 0
B81: ='[1]5) Year 1-5 Staff Assumptions'!B75 -> Other Compensation | E81: ='5) Year 1-5 Staff Assumptions'!E75 -> 0
B82: ='[1]5) Year 1-5 Staff Assumptions'!B76 -> Other Compensation | E82: ='5) Year 1-5 Staff Assumptions'!E76 -> 0
B83: ='[1]5) Year 1-5 Staff Assumptions'!B77 -> Other Compensation | E83: ='5) Year 1-5 Staff Assumptions'!E77 -> 0
B85: ='[1]5) Year 1-5 Staff Assumptions'!B79 -> Total Compensation | E85: ='5) Year 1-5 Staff Assumptions'!E79 -> 0
C88: Employer Benefits & Taxes
E90: Year 1
E91: =E11 -> 2024-25
F93: Assumption Notes
B94: ='[1]5) Year 1-5 Staff Assumptions'!B86 -> Social Security | E94: ='5) Year 1-5 Staff Assumptions'!E86 -> 0
B95: ='[1]5) Year 1-5 Staff Assumptions'!B87 -> Medicare | E95: ='5) Year 1-5 Staff Assumptions'!E87 -> 0
B96: ='[1]5) Year 1-5 Staff Assumptions'!B88 -> State Unemployment | E96: ='5) Year 1-5 Staff Assumptions'!E88 -> 0
B97: ='[1]5) Year 1-5 Staff Assumptions'!B89 -> Disability/Life Insurance | E97: ='5) Year 1-5 Staff Assumptions'!E89 -> 0
B98: ='[1]5) Year 1-5 Staff Assumptions'!B90 -> Workers Compensation Insurance | E98: ='5) Year 1-5 Staff Assumptions'!E90 -> 0
B99: ='[1]5) Year 1-5 Staff Assumptions'!B91 -> Other Fringe Benefits | E99: ='5) Year 1-5 Staff Assumptions'!E91 -> 0
B100: ='[1]5) Year 1-5 Staff Assumptions'!B96 -> Medical Insurance | E100: ='5) Year 1-5 Staff Assumptions'!E96 -> 0
B101: ='[1]5) Year 1-5 Staff Assumptions'!B97 -> Dental Insurance | E101: ='5) Year 1-5 Staff Assumptions'!E97 -> 0
B102: ='[1]5) Year 1-5 Staff Assumptions'!B98 -> Vision Insurance | E102: ='5) Year 1-5 Staff Assumptions'!E98 -> 0
B103: ='[1]5) Year 1-5 Staff Assumptions'!B100 -> TCRS Certified Legacy | E103: ='5) Year 1-5 Staff Assumptions'!E100 -> 0
B104: ='[1]5) Year 1-5 Staff Assumptions'!B101 -> TCRS Certified Hybrid | E104: ='5) Year 1-5 Staff Assumptions'!E101 -> 0
B105: ='[1]5) Year 1-5 Staff Assumptions'!B102 -> TCRS Classified Legacy | E105: ='5) Year 1-5 Staff Assumptions'!E102 -> 0
B106: ='[1]5) Year 1-5 Staff Assumptions'!B103 -> TCRS Classified Hybrid | E106: ='5) Year 1-5 Staff Assumptions'!E103 -> 0
B107: ='[1]5) Year 1-5 Staff Assumptions'!B104 -> Other Classified Retirement | E107: ='5) Year 1-5 Staff Assumptions'!E104 -> 0
B108: ='[1]5) Year 1-5 Staff Assumptions'!B105 -> Other Retirement | E108: ='5) Year 1-5 Staff Assumptions'!E105 -> 0
B110: Total Employer Benefits & Taxes | E110: =SUM(E94:E108) -> 0
C113: Operating Expenses
E115: Year 1
E116: =E11 -> 2024-25
C117: Annual Expense Increase | E117: 0
C118: Cumultative Increase | E118: =100%+E117 -> 1
B120: Contracted Services | F120: Assumption Notes
B121: ='3) Pre-Opening Budget'!B123 -> Professional Development | C121: 0 | E121: 0
B122: ='3) Pre-Opening Budget'!B124 -> Financial Services | C122: 0 | E122: 0
B123: ='3) Pre-Opening Budget'!B125 -> Audit Services | C123: 0 | E123: 0
B124: ='3) Pre-Opening Budget'!B126 -> Legal Fees | C124: 0 | E124: 0
B125: ='3) Pre-Opening Budget'!B127 -> Copier Lease and Usage | C125: 0 | E125: 0
B126: ='3) Pre-Opening Budget'!B128 -> Internet and Phone Service | C126: 0 | E126: 0
B127: ='3) Pre-Opening Budget'!B129 -> Cell Phone Service | C127: 0 | E127: 0
B128: ='3) Pre-Opening Budget'!B130 -> Payroll Services | C128: 0 | E128: 0
B129: ='3) Pre-Opening Budget'!B131 -> Health Services | C129: 0 | E129: 0
...

Sheet 7) Year 1 Cash Flow
E3: =IF('1) Proposed School Information'!E12="","ENTER SCHOOL NAME ON PROPOSED SCHOOL INFO SHEET",'1) Proposed School Information'!E12) -> ENTER SCHOOL NAME ON PROPOSED SCHOOL INFO SHEET
E4: New Charter School Application Budget Template
E5: Year 1 Cash Flow
C8: Cash Flow Summary | E8: Cash Flow Summary
E10: Year 1 | F10: =E10 -> Year 1 | G10: =F10 -> Year 1 | H10: =G10 -> Year 1 | I10: =H10 -> Year 1 | J10: =I10 -> Year 1 | K10: =J10 -> Year 1 | L10: =K10 -> Year 1 | M10: =L10 -> Year 1 | ... S10: =R10 -> Year 1
E11: =IF('1) Proposed School Information'!E21="Select Year"," ",'1) Proposed School Information'!E21) -> 2024-25 | F11: =E11 -> 2024-25 | G11: =F11 -> 2024-25 | H11: =G11 -> 2024-25 | I11: =H11 -> 2024-25 | J11: =I11 -> 2024-25 | K11: =J11 -> 2024-25 | L11: =K11 -> 2024-25 | M11: =L11 -> 2024-25 | ... S11: =R11 -> 2024-25
E12: Total Budget | F12: July | G12: August | H12: September | I12: October | J12: November | K12: December | L12: January | M12: February | N12: March | O12: April | P12: May | Q12: June | R12: Total | S12: AR/AP
B14: Beginning Cash | E14: ='4) Pre-Opening Cash Flow'!Q43 -> 0 | F14: =E14 -> 0 | G14: =F43 -> 0 | H14: =G43 -> 0 | I14: =H43 -> 0 | J14: =I43 -> 0 | K14: =J43 -> 0 | L14: =K43 -> 0 | M14: =L43 -> 0 | N14: =M43 -> 0 | ... Q14: =P43 -> 0
B16: Revenues
B17: State Revenues | E17: =SUM(E56:E60) -> 0 | F17: =SUM(F56:F60) -> 0 | G17: =SUM(G56:G60) -> 0 | H17: =SUM(H56:H60) -> 0 | I17: =SUM(I56:I60) -> 0 | J17: =SUM(J56:J60) -> 0 | K17: =SUM(K56:K60) -> 0 | L17: =SUM(L56:L60) -> 0 | ... S17: =SUM(S56:S60) -> 0
B18: Federal Revenues | E18: =SUM(E62:E70) -> 0 | F18: =SUM(F62:F70) -> 0 | G18: =SUM(G62:G70) -> 0 | H18: =SUM(H62:H70) -> 0 | I18: =SUM(I62:I70) -> 0 | J18: =SUM(J62:J70) -> 0 | K18: =SUM(K62:K70) -> 0 | L18: =SUM(L62:L70) -> 0 | ... S18: =SUM(S62:S70) -> 0
B19: School Activity Revenues | E19: =SUM(E73:E77) -> 0 | F19: =SUM(F73:F77) -> 0 | G19: =SUM(G73:G77) -> 0 | H19: =SUM(H73:H77) -> 0 | I19: =SUM(I73:I77) -> 0 | J19: =SUM(J73:J77) -> 0 | K19: =SUM(K73:K77) -> 0 | L19: =SUM(L73:L77) -> 0 | ... S19: =SUM(S73:S77) -> 0
B20: Fundraising & Philanthropy | E20: =SUM(E80:E84) -> 0 | F20: =SUM(F80:F84) -> 0 | G20: =SUM(G80:G84) -> 0 | H20: =SUM(H80:H84) -> 0 | I20: =SUM(I80:I84) -> 0 | J20: =SUM(J80:J84) -> 0 | K20: =SUM(K80:K84) -> 0 | L20: =SUM(L80:L84) -> 0 | ... S20: =SUM(S80:S84) -> 0
B22: Total Revenues | E22: =SUM(E17:E20) -> 0 | F22: =SUM(F17:F20) -> 0 | G22: =SUM(G17:G20) -> 0 | H22: =SUM(H17:H20) -> 0 | I22: =SUM(I17:I20) -> 0 | J22: =SUM(J17:J20) -> 0 | K22: =SUM(K17:K20) -> 0 | L22: =SUM(L17:L20) -> 0 | ... S22: =SUM(S17:S20) -> 0
B24: Expenses
B25: Staffing | E25: =E123 -> 0 | F25: =F123 -> 0 | G25: =G123 -> 0 | H25: =H123 -> 0 | I25: =I123 -> 0 | J25: =J123 -> 0 | K25: =K123 -> 0 | L25: =L123 -> 0 | ... S25: =S123 -> 0
B26: Employer Benefits & Taxes | E26: =E148 -> 0 | F26: =F148 -> 0 | G26: =G148 -> 0 | H26: =H148 -> 0 | I26: =I148 -> 0 | J26: =J148 -> 0 | K26: =K148 -> 0 | L26: =L148 -> 0 | ... S26: =S148 -> 0
B27: Contracted Services | E27: =SUM(E159:E173) -> 0 | F27: =SUM(F159:F173) -> 0 | G27: =SUM(G159:G173) -> 0 | H27: =SUM(H159:H173) -> 0 | I27: =SUM(I159:I173) -> 0 | J27: =SUM(J159:J173) -> 0 | K27: =SUM(K159:K173) -> 0 | L27: =SUM(L159:L173) -> 0 | ... S27: =SUM(S159:S173) -> 0
B28: Supplies & Materials | E28: =SUM(E176:E190) -> 0 | F28: =SUM(F176:F190) -> 0 | G28: =SUM(G176:G190) -> 0 | H28: =SUM(H176:H190) -> 0 | I28: =SUM(I176:I190) -> 0 | J28: =SUM(J176:J190) -> 0 | K28: =SUM(K176:K190) -> 0 | L28: =SUM(L176:L190) -> 0 | ... S28: =SUM(S176:S190) -> 0
B29: Facility-Related Expenses | E29: =SUM(E193:E207) -> 0 | F29: =SUM(F193:F207) -> 0 | G29: =SUM(G193:G207) -> 0 | H29: =SUM(H193:H207) -> 0 | I29: =SUM(I193:I207) -> 0 | J29: =SUM(J193:J207) -> 0 | K29: =SUM(K193:K207) -> 0 | L29: =SUM(L193:L207) -> 0 | ... S29: =SUM(S193:S207) -> 0
B30: Other Charges | E30: =SUM(E210:E214) -> 0 | F30: =SUM(F210:F214) -> 0 | G30: =SUM(G210:G214) -> 0 | H30: =SUM(H210:H214) -> 0 | I30: =SUM(I210:I214) -> 0 | J30: =SUM(J210:J214) -> 0 | K30: =SUM(K210:K214) -> 0 | L30: =SUM(L210:L214) -> 0 | ... S30: =SUM(S210:S214) -> 0
B31: Debt Service | E31: =SUM(E217:E221) -> 0 | F31: =SUM(F217:F221) -> 0 | G31: =SUM(G217:G221) -> 0 | H31: =SUM(H217:H221) -> 0 | I31: =SUM(I217:I221) -> 0 | J31: =SUM(J217:J221) -> 0 | K31: =SUM(K217:K221) -> 0 | L31: =SUM(L217:L221) -> 0 | ... S31: =SUM(S217:S221) -> 0
B33: Total Expenses | E33: =SUM(E25:E31) -> 0 | F33: =SUM(F25:F31) -> 0 | G33: =SUM(G25:G31) -> 0 | H33: =SUM(H25:H31) -> 0 | I33: =SUM(I25:I31) -> 0 | J33: =SUM(J25:J31) -> 0 | K33: =SUM(K25:K31) -> 0 | L33: =SUM(L25:L31) -> 0 | ... S33: =SUM(S25:S31) -> 0
B35: Operating Income (Loss) | E35: =E22-E33 -> 0 | F35: =F22-F33 -> 0 | G35: =G22-G33 -> 0 | H35: =H22-H33 -> 0 | I35: =I22-I33 -> 0 | J35: =J22-J33 -> 0 | K35: =K22-K33 -> 0 | L35: =L22-L33 -> 0 | ... S35: =S22-S33 -> 0
B37: Changes in Accounts Receivable | F37: 0 | G37: 0 | H37: 0 | I37: 0 | J37: 0 | K37: 0 | L37: 0 | M37: 0 | N37: 0 | O37: 0 | P37: 0 | Q37: 0
B38: Changes in Accounts Payable | F38: 0 | G38: 0 | H38: 0 | I38: 0 | J38: 0 | K38: 0 | L38: 0 | M38: 0 | N38: 0 | O38: 0 | P38: 0 | Q38: 0
B39: Line of Credit Proceeds | F39: 0 | G39: 0 | H39: 0 | I39: 0 | J39: 0 | K39: 0 | L39: 0 | M39: 0 | N39: 0 | O39: 0 | P39: 0 | Q39: 0
B40: Line of Credit Repayments | F40: 0 | G40: 0 | H40: 0 | I40: 0 | J40: 0 | K40: 0 | L40: 0 | M40: 0 | N40: 0 | O40: 0 | P40: 0 | Q40: 0
B41: Other Balance Sheet Activity | F41: 0 | G41: 0 | H41: 0 | I41: 0 | J41: 0 | K41: 0 | L41: 0 | M41: 0 | N41: 0 | O41: 0 | P41: 0 | Q41: 0
B43: Ending Cash | F43: =F14+F35+SUM(F37:F41) -> 0 | G43: =G14+G35+SUM(G37:G41) -> 0 | H43: =H14+H35+SUM(H37:H41) -> 0 | I43: =I14+I35+SUM(I37:I41) -> 0 | J43: =J14+J35+SUM(J37:J41) -> 0 | K43: =K14+K35+SUM(K37:K41) -> 0 | L43: =L14+L35+SUM(L37:L41) -> 0 | M43: =M14+M35+SUM(M37:M41) -> 0 | ... Q43: =Q14+Q35+SUM(Q37:Q41) -> 0
E46: Details of Cash Flow
E48: =E10 -> Year 1 | F48: =F10 -> Year 1 | G48: =G10 -> Year 1 | H48: =H10 -> Year 1 | I48: =I10 -> Year 1 | J48: =J10 -> Year 1 | K48: =K10 -> Year 1 | L48: =L10 -> Year 1 | ... S48: =S10 -> Year 1
E49: =E11 -> 2024-25 | F49: =F11 -> 2024-25 | G49: =G11 -> 2024-25 | H49: =H11 -> 2024-25 | I49: =I11 -> 2024-25 | J49: =J11 -> 2024-25 | K49: =K11 -> 2024-25 | L49: =L11 -> 2024-25 | ... S49: =S11 -> 2024-25
E50: =E12 -> Total Budget | F50: =F12 -> July | G50: =G12 -> August | H50: =H12 -> September | I50: =I12 -> October | J50: =J12 -> November | K50: =K12 -> December | L50: =L12 -> January | ... S50: =S12 -> AR/AP
B53: Revenues | E53: Revenues | T53: Assumption Notes
B55: State Revenues | T55: Assumption Notes
B56: ='6) Year 1 Budget'!B18 -> TISA Base Rate | E56: ='6) Year 1 Budget'!E18 -> 0 | F56: =$E56/12 -> 0 | G56: =$E56/12 -> 0 | H56: =$E56/12 -> 0 | I56: =$E56/12 -> 0 | J56: =$E56/12 -> 0 | K56: =$E56/12 -> 0 | L56: =$E56/12 -> 0 | M56: =$E56/12 -> 0 | ... Q56: =$E56/12 -> 0 | R56: =SUM(F56:Q56) -> 0 | S56: =E56-R56 -> 0 | T56: TISA base rate for SY2023-24 is $6860.
B57: ='6) Year 1 Budget'!B19 -> TISA Weights | E57: ='6) Year 1 Budget'!E19 -> 0 | F57: =$E57/12 -> 0 | G57: =$E57/12 -> 0 | H57: =$E57/12 -> 0 | I57: =$E57/12 -> 0 | J57: =$E57/12 -> 0 | K57: =$E57/12 -> 0 | L57: =$E57/12 -> 0 | M57: =$E57/12 -> 0 | ... Q57: =$E57/12 -> 0 | R57: =SUM(F57:Q57) -> 0 | S57: =E57-R57 -> 0
B58: ='6) Year 1 Budget'!B20 -> TISA Direct | E58: ='6) Year 1 Budget'!E20 -> 0 | F58: =$E58/12 -> 0 | G58: =$E58/12 -> 0 | H58: =$E58/12 -> 0 | I58: =$E58/12 -> 0 | J58: =$E58/12 -> 0 | K58: =$E58/12 -> 0 | L58: =$E58/12 -> 0 | M58: =$E58/12 -> 0 | ... Q58: =$E58/12 -> 0 | R58: =SUM(F58:Q58) -> 0 | S58: =E58-R58 -> 0
B59: ='6) Year 1 Budget'!B21 -> Other | E59: ='6) Year 1 Budget'!E21 -> 0 | F59: =$E59/12 -> 0 | G59: =$E59/12 -> 0 | H59: =$E59/12 -> 0 | I59: =$E59/12 -> 0 | J59: =$E59/12 -> 0 | K59: =$E59/12 -> 0 | L59: =$E59/12 -> 0 | M59: =$E59/12 -> 0 | ... Q59: =$E59/12 -> 0 | R59: =SUM(F59:Q59) -> 0 | S59: =E59-R59 -> 0 | T59: TISA Weights based on TISA Calculator.
B60: ='6) Year 1 Budget'!B22 -> Other | E60: ='6) Year 1 Budget'!E22 -> 0 | F60: =$E60/12 -> 0 | G60: =$E60/12 -> 0 | H60: =$E60/12 -> 0 | I60: =$E60/12 -> 0 | J60: =$E60/12 -> 0 | K60: =$E60/12 -> 0 | L60: =$E60/12 -> 0 | M60: =$E60/12 -> 0 | ... Q60: =$E60/12 -> 0 | R60: =SUM(F60:Q60) -> 0 | S60: =E60-R60 -> 0 | T60: TISA Weights based on TISA Calculator.
B62: Federal Revenues
B63: ='6) Year 1 Budget'!B25 -> Title I | E63: ='6) Year 1 Budget'!E25 -> 0 | F63: =$E63/12 -> 0 | G63: =$E63/12 -> 0 | H63: =$E63/12 -> 0 | I63: =$E63/12 -> 0 | J63: =$E63/12 -> 0 | K63: =$E63/12 -> 0 | L63: =$E63/12 -> 0 | M63: =$E63/12 -> 0 | ... Q63: =$E63/12 -> 0 | R63: =SUM(F63:Q63) -> 0 | S63: =E63-R63 -> 0
B64: ='6) Year 1 Budget'!B26 -> Title II | E64: ='6) Year 1 Budget'!E26 -> 0 | F64: =$E64/12 -> 0 | G64: =$E64/12 -> 0 | H64: =$E64/12 -> 0 | I64: =$E64/12 -> 0 | J64: =$E64/12 -> 0 | K64: =$E64/12 -> 0 | L64: =$E64/12 -> 0 | M64: =$E64/12 -> 0 | ... Q64: =$E64/12 -> 0 | R64: =SUM(F64:Q64) -> 0 | S64: =E64-R64 -> 0
B65: ='6) Year 1 Budget'!B27 -> Title III | E65: ='6) Year 1 Budget'!E27 -> 0 | F65: =$E65/12 -> 0 | G65: =$E65/12 -> 0 | H65: =$E65/12 -> 0 | I65: =$E65/12 -> 0 | J65: =$E65/12 -> 0 | K65: =$E65/12 -> 0 | L65: =$E65/12 -> 0 | M65: =$E65/12 -> 0 | ... Q65: =$E65/12 -> 0 | R65: =SUM(F65:Q65) -> 0 | S65: =E65-R65 -> 0
B66: ='6) Year 1 Budget'!B28 -> NSLP | E66: ='6) Year 1 Budget'!E28 -> 0 | F66: =$E66/12 -> 0 | G66: =$E66/12 -> 0 | H66: =$E66/12 -> 0 | I66: =$E66/12 -> 0 | J66: =$E66/12 -> 0 | K66: =$E66/12 -> 0 | L66: =$E66/12 -> 0 | M66: =$E66/12 -> 0 | ... Q66: =$E66/12 -> 0 | R66: =SUM(F66:Q66) -> 0 | S66: =E66-R66 -> 0
B67: ='6) Year 1 Budget'!B29 -> E-Rate | E67: ='6) Year 1 Budget'!E29 -> 0 | F67: =$E67/12 -> 0 | G67: =$E67/12 -> 0 | H67: =$E67/12 -> 0 | I67: =$E67/12 -> 0 | J67: =$E67/12 -> 0 | K67: =$E67/12 -> 0 | L67: =$E67/12 -> 0 | M67: =$E67/12 -> 0 | ... Q67: =$E67/12 -> 0 | R67: =SUM(F67:Q67) -> 0 | S67: =E67-R67 -> 0
B68: ='6) Year 1 Budget'!B30 -> CSP Startup Grant | E68: ='6) Year 1 Budget'!E30 -> 0 | F68: =$E68/12 -> 0 | G68: =$E68/12 -> 0 | H68: =$E68/12 -> 0 | I68: =$E68/12 -> 0 | J68: =$E68/12 -> 0 | K68: =$E68/12 -> 0 | L68: =$E68/12 -> 0 | M68: =$E68/12 -> 0 | ... Q68: =$E68/12 -> 0 | R68: =SUM(F68:Q68) -> 0 | S68: =E68-R68 -> 0
B69: ='6) Year 1 Budget'!B31 -> Other | E69: ='6) Year 1 Budget'!E31 -> 0 | F69: =$E69/12 -> 0 | G69: =$E69/12 -> 0 | H69: =$E69/12 -> 0 | I69: =$E69/12 -> 0 | J69: =$E69/12 -> 0 | K69: =$E69/12 -> 0 | L69: =$E69/12 -> 0 | M69: =$E69/12 -> 0 | ... Q69: =$E69/12 -> 0 | R69: =SUM(F69:Q69) -> 0 | S69: =E69-R69 -> 0
B70: ='6) Year 1 Budget'!B32 -> Other | E70: ='6) Year 1 Budget'!E32 -> 0 | F70: =$E70/12 -> 0 | G70: =$E70/12 -> 0 | H70: =$E70/12 -> 0 | I70: =$E70/12 -> 0 | J70: =$E70/12 -> 0 | K70: =$E70/12 -> 0 | L70: =$E70/12 -> 0 | M70: =$E70/12 -> 0 | ... Q70: =$E70/12 -> 0 | R70: =SUM(F70:Q70) -> 0 | S70: =E70-R70 -> 0
B72: ='6) Year 1 Budget'!B34 -> School Activity Revenues
B73: ='6) Year 1 Budget'!B35 -> Other | E73: ='6) Year 1 Budget'!E35 -> 0 | F73: =$E73/12 -> 0 | G73: =$E73/12 -> 0 | H73: =$E73/12 -> 0 | I73: =$E73/12 -> 0 | J73: =$E73/12 -> 0 | K73: =$E73/12 -> 0 | L73: =$E73/12 -> 0 | M73: =$E73/12 -> 0 | ... Q73: =$E73/12 -> 0 | R73: =SUM(F73:Q73) -> 0 | S73: =E73-R73 -> 0
B74: ='6) Year 1 Budget'!B36 -> Other | E74: ='6) Year 1 Budget'!E36 -> 0 | F74: =$E74/12 -> 0 | G74: =$E74/12 -> 0 | H74: =$E74/12 -> 0 | I74: =$E74/12 -> 0 | J74: =$E74/12 -> 0 | K74: =$E74/12 -> 0 | L74: =$E74/12 -> 0 | M74: =$E74/12 -> 0 | ... Q74: =$E74/12 -> 0 | R74: =SUM(F74:Q74) -> 0 | S74: =E74-R74 -> 0
B75: ='6) Year 1 Budget'!B37 -> Other | E75: ='6) Year 1 Budget'!E37 -> 0 | F75: =$E75/12 -> 0 | G75: =$E75/12 -> 0 | H75: =$E75/12 -> 0 | I75: =$E75/12 -> 0 | J75: =$E75/12 -> 0 | K75: =$E75/12 -> 0 | L75: =$E75/12 -> 0 | M75: =$E75/12 -> 0 | ... Q75: =$E75/12 -> 0 | R75: =SUM(F75:Q75) -> 0 | S75: =E75-R75 -> 0
B76: ='6) Year 1 Budget'!B38 -> Other | E76: ='6) Year 1 Budget'!E38 -> 0 | F76: =$E76/12 -> 0 | G76: =$E76/12 -> 0 | H76: =$E76/12 -> 0 | I76: =$E76/12 -> 0 | J76: =$E76/12 -> 0 | K76: =$E76/12 -> 0 | L76: =$E76/12 -> 0 | M76: =$E76/12 -> 0 | ... Q76: =$E76/12 -> 0 | R76: =SUM(F76:Q76) -> 0 | S76: =E76-R76 -> 0
B77: ='6) Year 1 Budget'!B39 -> Other | E77: ='6) Year 1 Budget'!E39 -> 0 | F77: =$E77/12 -> 0 | G77: =$E77/12 -> 0 | H77: =$E77/12 -> 0 | I77: =$E77/12 -> 0 | J77: =$E77/12 -> 0 | K77: =$E77/12 -> 0 | L77: =$E77/12 -> 0 | M77: =$E77/12 -> 0 | ... Q77: =$E77/12 -> 0 | R77: =SUM(F77:Q77) -> 0 | S77: =E77-R77 -> 0
B79: ='6) Year 1 Budget'!B41 -> Fundraising & Philanthropy
B80: ='6) Year 1 Budget'!B42 -> Other | E80: ='6) Year 1 Budget'!E42 -> 0 | F80: =$E80/12 -> 0 | G80: =$E80/12 -> 0 | H80: =$E80/12 -> 0 | I80: =$E80/12 -> 0 | J80: =$E80/12 -> 0 | K80: =$E80/12 -> 0 | L80: =$E80/12 -> 0 | M80: =$E80/12 -> 0 | ... Q80: =$E80/12 -> 0 | R80: =SUM(F80:Q80) -> 0 | S80: =E80-R80 -> 0
B81: ='6) Year 1 Budget'!B43 -> Other | E81: ='6) Year 1 Budget'!E43 -> 0 | F81: =$E81/12 -> 0 | G81: =$E81/12 -> 0 | H81: =$E81/12 -> 0 | I81: =$E81/12 -> 0 | J81: =$E81/12 -> 0 | K81: =$E81/12 -> 0 | L81: =$E81/12 -> 0 | M81: =$E81/12 -> 0 | ... Q81: =$E81/12 -> 0 | R81: =SUM(F81:Q81) -> 0 | S81: =E81-R81 -> 0
B82: ='6) Year 1 Budget'!B44 -> Other | E82: ='6) Year 1 Budget'!E44 -> 0 | F82: =$E82/12 -> 0 | G82: =$E82/12 -> 0 | H82: =$E82/12 -> 0 | I82: =$E82/12 -> 0 | J82: =$E82/12 -> 0 | K82: =$E82/12 -> 0 | L82: =$E82/12 -> 0 | M82: =$E82/12 -> 0 | ... Q82: =$E82/12 -> 0 | R82: =SUM(F82:Q82) -> 0 | S82: =E82-R82 -> 0
B83: ='6) Year 1 Budget'!B45 -> Other | E83: ='6) Year 1 Budget'!E45 -> 0 | F83: =$E83/12 -> 0 | G83: =$E83/12 -> 0 | H83: =$E83/12 -> 0 | I83: =$E83/12 -> 0 | J83: =$E83/12 -> 0 | K83: =$E83/12 -> 0 | L83: =$E83/12 -> 0 | M83: =$E83/12 -> 0 | ... Q83: =$E83/12 -> 0 | R83: =SUM(F83:Q83) -> 0 | S83: =E83-R83 -> 0
B84: ='6) Year 1 Budget'!B46 -> Other | E84: ='6) Year 1 Budget'!E46 -> 0 | F84: =$E84/12 -> 0 | G84: =$E84/12 -> 0 | H84: =$E84/12 -> 0 | I84: =$E84/12 -> 0 | J84: =$E84/12 -> 0 | K84: =$E84/12 -> 0 | L84: =$E84/12 -> 0 | M84: =$E84/12 -> 0 | ... Q84: =$E84/12 -> 0 | R84: =SUM(F84:Q84) -> 0 | S84: =E84-R84 -> 0
B86: Total Revenues | E86: =SUM(E56:E60,E62:E70,E73:E77,E80:E84) -> 0 | F86: =SUM(F56:F60,F62:F70,F73:F77,F80:F84) -> 0 | G86: =SUM(G56:G60,G62:G70,G73:G77,G80:G84) -> 0 | H86: =SUM(H56:H60,H62:H70,H73:H77,H80:H84) -> 0 | I86: =SUM(I56:I60,I62:I70,I73:I77,I80:I84) -> 0 | J86: =SUM(J56:J60,J62:J70,J73:J77,J80:J84) -> 0 | K86: =SUM(K56:K60,K62:K70,K73:K77,K80:K84) -> 0 | L86: =SUM(L56:L60,L62:L70,L73:L77,L80:L84) -> 0 | ... S86: =SUM(S56:S60,S62:S70,S73:S77,S80:S84) -> 0
E88: Compensation
E90: =E10 -> Year 1 | F90: =F10 -> Year 1 | G90: =G10 -> Year 1 | H90: =H10 -> Year 1 | I90: =I10 -> Year 1 | J90: =J10 -> Year 1 | K90: =K10 -> Year 1 | L90: =L10 -> Year 1 | ... S90: =S10 -> Year 1
E91: =E11 -> 2024-25 | F91: =F11 -> 2024-25 | G91: =G11 -> 2024-25 | H91: =H11 -> 2024-25 | I91: =I11 -> 2024-25 | J91: =J11 -> 2024-25 | K91: =K11 -> 2024-25 | L91: =L11 -> 2024-25 | ... S91: =S11 -> 2024-25
E92: =E12 -> Total Budget | F92: =F12 -> July | G92: =G12 -> August | H92: =H12 -> September | I92: =I12 -> October | J92: =J12 -> November | K92: =K12 -> December | L92: =L12 -> January | ... S92: =S12 -> AR/AP
B94: Compensation | T94: Assumption Notes
B95: ='[1]5) Year 1-5 Staff Assumptions'!B51 -> Principal/School Leader | E95: ='6) Year 1 Budget'!E57 -> 0 | F95: =$E95/12 -> 0 | G95: =$E95/12 -> 0 | H95: =$E95/12 -> 0 | I95: =$E95/12 -> 0 | J95: =$E95/12 -> 0 | K95: =$E95/12 -> 0 | L95: =$E95/12 -> 0 | M95: =$E95/12 -> 0 | ... Q95: =$E95/12 -> 0 | R95: =SUM(F95:Q95) -> 0 | S95: =E95-R95 -> 0
B96: ='[1]5) Year 1-5 Staff Assumptions'!B52 -> Assistant Principal | E96: ='6) Year 1 Budget'!E58 -> 0 | F96: =$E96/12 -> 0 | G96: =$E96/12 -> 0 | H96: =$E96/12 -> 0 | I96: =$E96/12 -> 0 | J96: =$E96/12 -> 0 | K96: =$E96/12 -> 0 | L96: =$E96/12 -> 0 | M96: =$E96/12 -> 0 | ... Q96: =$E96/12 -> 0 | R96: =SUM(F96:Q96) -> 0 | S96: =E96-R96 -> 0
B97: ='[1]5) Year 1-5 Staff Assumptions'!B53 -> Special Education Coordinator | E97: ='6) Year 1 Budget'!E59 -> 0 | F97: =$E97/12 -> 0 | G97: =$E97/12 -> 0 | H97: =$E97/12 -> 0 | I97: =$E97/12 -> 0 | J97: =$E97/12 -> 0 | K97: =$E97/12 -> 0 | L97: =$E97/12 -> 0 | M97: =$E97/12 -> 0 | ... Q97: =$E97/12 -> 0 | R97: =SUM(F97:Q97) -> 0 | S97: =E97-R97 -> 0
B98: ='[1]5) Year 1-5 Staff Assumptions'!B54 -> Deans, Directors | E98: ='6) Year 1 Budget'!E60 -> 0 | F98: =$E98/12 -> 0 | G98: =$E98/12 -> 0 | H98: =$E98/12 -> 0 | I98: =$E98/12 -> 0 | J98: =$E98/12 -> 0 | K98: =$E98/12 -> 0 | L98: =$E98/12 -> 0 | M98: =$E98/12 -> 0 | ... Q98: =$E98/12 -> 0 | R98: =SUM(F98:Q98) -> 0 | S98: =E98-R98 -> 0
B99: ='[1]5) Year 1-5 Staff Assumptions'!B55 -> Other (Specify in Assumptions) | E99: ='6) Year 1 Budget'!E61 -> 0 | F99: =$E99/12 -> 0 | G99: =$E99/12 -> 0 | H99: =$E99/12 -> 0 | I99: =$E99/12 -> 0 | J99: =$E99/12 -> 0 | K99: =$E99/12 -> 0 | L99: =$E99/12 -> 0 | M99: =$E99/12 -> 0 | ... Q99: =$E99/12 -> 0 | R99: =SUM(F99:Q99) -> 0 | S99: =E99-R99 -> 0
B100: ='[1]5) Year 1-5 Staff Assumptions'!B56 -> Total Administrative Compensation | E100: ='6) Year 1 Budget'!E62 -> 0 | F100: =SUM(F95:F99) -> 0 | G100: =SUM(G95:G99) -> 0 | H100: =SUM(H95:H99) -> 0 | I100: =SUM(I95:I99) -> 0 | J100: =SUM(J95:J99) -> 0 | K100: =SUM(K95:K99) -> 0 | L100: =SUM(L95:L99) -> 0 | M100: =SUM(M95:M99) -> 0 | ... S100: =SUM(S95:S99) -> 0
B102: ='[1]5) Year 1-5 Staff Assumptions'!B58 -> Instructional Staff
B103: ='[1]5) Year 1-5 Staff Assumptions'!B59 -> Teachers | E103: ='6) Year 1 Budget'!E65 -> 0 | F103: =$E103/12 -> 0 | G103: =$E103/12 -> 0 | H103: =$E103/12 -> 0 | I103: =$E103/12 -> 0 | J103: =$E103/12 -> 0 | K103: =$E103/12 -> 0 | L103: =$E103/12 -> 0 | M103: =$E103/12 -> 0 | ... Q103: =$E103/12 -> 0 | R103: =SUM(F103:Q103) -> 0 | S103: =E103-R103 -> 0
B104: ='[1]5) Year 1-5 Staff Assumptions'!B60 -> Special Education Teachers | E104: ='6) Year 1 Budget'!E66 -> 0 | F104: =$E104/12 -> 0 | G104: =$E104/12 -> 0 | H104: =$E104/12 -> 0 | I104: =$E104/12 -> 0 | J104: =$E104/12 -> 0 | K104: =$E104/12 -> 0 | L104: =$E104/12 -> 0 | M104: =$E104/12 -> 0 | ... Q104: =$E104/12 -> 0 | R104: =SUM(F104:Q104) -> 0 | S104: =E104-R104 -> 0
B105: ='[1]5) Year 1-5 Staff Assumptions'!B61 -> Eduacational Assistants/Aides | E105: ='6) Year 1 Budget'!E67 -> 0 | F105: =$E105/12 -> 0 | G105: =$E105/12 -> 0 | H105: =$E105/12 -> 0 | I105: =$E105/12 -> 0 | J105: =$E105/12 -> 0 | K105: =$E105/12 -> 0 | L105: =$E105/12 -> 0 | M105: =$E105/12 -> 0 | ... Q105: =$E105/12 -> 0 | R105: =SUM(F105:Q105) -> 0 | S105: =E105-R105 -> 0
B106: ='[1]5) Year 1-5 Staff Assumptions'!B62 -> Elective Teachers | E106: ='6) Year 1 Budget'!E68 -> 0 | F106: =$E106/12 -> 0 | G106: =$E106/12 -> 0 | H106: =$E106/12 -> 0 | I106: =$E106/12 -> 0 | J106: =$E106/12 -> 0 | K106: =$E106/12 -> 0 | L106: =$E106/12 -> 0 | M106: =$E106/12 -> 0 | ... Q106: =$E106/12 -> 0 | R106: =SUM(F106:Q106) -> 0 | S106: =E106-R106 -> 0
B107: ='[1]5) Year 1-5 Staff Assumptions'!B63 -> Other (Specify in Assumptions) | E107: ='6) Year 1 Budget'!E69 -> 0 | F107: =$E107/12 -> 0 | G107: =$E107/12 -> 0 | H107: =$E107/12 -> 0 | I107: =$E107/12 -> 0 | J107: =$E107/12 -> 0 | K107: =$E107/12 -> 0 | L107: =$E107/12 -> 0 | M107: =$E107/12 -> 0 | ... Q107: =$E107/12 -> 0 | R107: =SUM(F107:Q107) -> 0 | S107: =E107-R107 -> 0
B108: ='[1]5) Year 1-5 Staff Assumptions'!B64 -> Total Instructional Compensation | E108: ='6) Year 1 Budget'!E70 -> 0 | F108: =SUM(F103:F107) -> 0 | G108: =SUM(G103:G107) -> 0 | H108: =SUM(H103:H107) -> 0 | I108: =SUM(I103:I107) -> 0 | J108: =SUM(J103:J107) -> 0 | K108: =SUM(K103:K107) -> 0 | L108: =SUM(L103:L107) -> 0 | M108: =SUM(M103:M107) -> 0 | ... S108: =SUM(S103:S107) -> 0
B110: ='[1]5) Year 1-5 Staff Assumptions'!B66 -> Non-Instructional Staff
B111: ='[1]5) Year 1-5 Staff Assumptions'!B67 -> Clerical Staff | E111: ='6) Year 1 Budget'!E73 -> 0 | F111: =$E111/12 -> 0 | G111: =$E111/12 -> 0 | H111: =$E111/12 -> 0 | I111: =$E111/12 -> 0 | J111: =$E111/12 -> 0 | K111: =$E111/12 -> 0 | L111: =$E111/12 -> 0 | M111: =$E111/12 -> 0 | ... Q111: =$E111/12 -> 0 | R111: =SUM(F111:Q111) -> 0 | S111: =E111-R111 -> 0
B112: ='[1]5) Year 1-5 Staff Assumptions'!B68 -> Custodial Staff | E112: ='6) Year 1 Budget'!E74 -> 0 | F112: =$E112/12 -> 0 | G112: =$E112/12 -> 0 | H112: =$E112/12 -> 0 | I112: =$E112/12 -> 0 | J112: =$E112/12 -> 0 | K112: =$E112/12 -> 0 | L112: =$E112/12 -> 0 | M112: =$E112/12 -> 0 | ... Q112: =$E112/12 -> 0 | R112: =SUM(F112:Q112) -> 0 | S112: =E112-R112 -> 0
B113: ='[1]5) Year 1-5 Staff Assumptions'!B69 -> Operations | E113: ='6) Year 1 Budget'!E75 -> 0 | F113: =$E113/12 -> 0 | G113: =$E113/12 -> 0 | H113: =$E113/12 -> 0 | I113: =$E113/12 -> 0 | J113: =$E113/12 -> 0 | K113: =$E113/12 -> 0 | L113: =$E113/12 -> 0 | M113: =$E113/12 -> 0 | ... Q113: =$E113/12 -> 0 | R113: =SUM(F113:Q113) -> 0 | S113: =E113-R113 -> 0
B114: ='[1]5) Year 1-5 Staff Assumptions'!B70 -> Social Workers/Counseling | E114: ='6) Year 1 Budget'!E76 -> 0 | F114: =$E114/12 -> 0 | G114: =$E114/12 -> 0 | H114: =$E114/12 -> 0 | I114: =$E114/12 -> 0 | J114: =$E114/12 -> 0 | K114: =$E114/12 -> 0 | L114: =$E114/12 -> 0 | M114: =$E114/12 -> 0 | ... Q114: =$E114/12 -> 0 | R114: =SUM(F114:Q114) -> 0 | S114: =E114-R114 -> 0
B115: ='[1]5) Year 1-5 Staff Assumptions'!B71 -> Other (Specify in Assumptions) | E115: ='6) Year 1 Budget'!E77 -> 0 | F115: =$E115/12 -> 0 | G115: =$E115/12 -> 0 | H115: =$E115/12 -> 0 | I115: =$E115/12 -> 0 | J115: =$E115/12 -> 0 | K115: =$E115/12 -> 0 | L115: =$E115/12 -> 0 | M115: =$E115/12 -> 0 | ... Q115: =$E115/12 -> 0 | R115: =SUM(F115:Q115) -> 0 | S115: =E115-R115 -> 0
B116: ='[1]5) Year 1-5 Staff Assumptions'!B72 -> Total Non-Instructional Compensation | E116: ='6) Year 1 Budget'!E78 -> 0 | F116: =SUM(F111:F115) -> 0 | G116: =SUM(G111:G115) -> 0 | H116: =SUM(H111:H115) -> 0 | I116: =SUM(I111:I115) -> 0 | J116: =SUM(J111:J115) -> 0 | K116: =SUM(K111:K115) -> 0 | L116: =SUM(L111:L115) -> 0 | M116: =SUM(M111:M115) -> 0 | ... S116: =SUM(S111:S115) -> 0
B118: ='[1]5) Year 1-5 Staff Assumptions'!B74 -> Other Compensation | E118: ='6) Year 1 Budget'!E80 -> 0 | F118: =$E118/12 -> 0 | G118: =$E118/12 -> 0 | H118: =$E118/12 -> 0 | I118: =$E118/12 -> 0 | J118: =$E118/12 -> 0 | K118: =$E118/12 -> 0 | L118: =$E118/12 -> 0 | M118: =$E118/12 -> 0 | ... Q118: =$E118/12 -> 0 | R118: =SUM(F118:Q118) -> 0 | S118: =E118-R118 -> 0
B119: ='[1]5) Year 1-5 Staff Assumptions'!B75 -> Other Compensation | E119: ='6) Year 1 Budget'!E81 -> 0 | F119: =$E119/12 -> 0 | G119: =$E119/12 -> 0 | H119: =$E119/12 -> 0 | I119: =$E119/12 -> 0 | J119: =$E119/12 -> 0 | K119: =$E119/12 -> 0 | L119: =$E119/12 -> 0 | M119: =$E119/12 -> 0 | ... Q119: =$E119/12 -> 0 | R119: =SUM(F119:Q119) -> 0 | S119: =E119-R119 -> 0
B120: ='[1]5) Year 1-5 Staff Assumptions'!B76 -> Other Compensation | E120: ='6) Year 1 Budget'!E82 -> 0 | F120: =$E120/12 -> 0 | G120: =$E120/12 -> 0 | H120: =$E120/12 -> 0 | I120: =$E120/12 -> 0 | J120: =$E120/12 -> 0 | K120: =$E120/12 -> 0 | L120: =$E120/12 -> 0 | M120: =$E120/12 -> 0 | ... Q120: =$E120/12 -> 0 | R120: =SUM(F120:Q120) -> 0 | S120: =E120-R120 -> 0
B121: ='[1]5) Year 1-5 Staff Assumptions'!B77 -> Other Compensation | E121: ='6) Year 1 Budget'!E83 -> 0 | F121: =$E121/12 -> 0 | G121: =$E121/12 -> 0 | H121: =$E121/12 -> 0 | I121: =$E121/12 -> 0 | J121: =$E121/12 -> 0 | K121: =$E121/12 -> 0 | L121: =$E121/12 -> 0 | M121: =$E121/12 -> 0 | ... Q121: =$E121/12 -> 0 | R121: =SUM(F121:Q121) -> 0 | S121: =E121-R121 -> 0
B123: ='[1]5) Year 1-5 Staff Assumptions'!B79 -> Total Compensation | E123: ='6) Year 1 Budget'!E85 -> 0 | F123: =F100+F108+F116+SUM(F118:F121) -> 0 | G123: =G100+G108+G116+SUM(G118:G121) -> 0 | H123: =H100+H108+H116+SUM(H118:H121) -> 0 | I123: =I100+I108+I116+SUM(I118:I121) -> 0 | J123: =J100+J108+J116+SUM(J118:J121) -> 0 | K123: =K100+K108+K116+SUM(K118:K121) -> 0 | L123: =L100+L108+L116+SUM(L118:L121) -> 0 | M123: =M100+M108+M116+SUM(M118:M121) -> 0 | ... S123: =S100+S108+S116+SUM(S118:S121) -> 0
E126: Employer Benefits & Taxes
E128: =E90 -> Year 1 | F128: =F90 -> Year 1 | G128: =G90 -> Year 1 | H128: =H90 -> Year 1 | I128: =I90 -> Year 1 | J128: =J90 -> Year 1 | K128: =K90 -> Year 1 | L128: =L90 -> Year 1 | ... S128: =S90 -> Year 1
E129: =E91 -> 2024-25 | F129: =F91 -> 2024-25 | G129: =G91 -> 2024-25 | H129: =H91 -> 2024-25 | I129: =I91 -> 2024-25 | J129: =J91 -> 2024-25 | K129: =K91 -> 2024-25 | L129: =L91 -> 2024-25 | ... S129: =S91 -> 2024-25
E130: =E92 -> Total Budget | F130: =F92 -> July | G130: =G92 -> August | H130: =H92 -> September | I130: =I92 -> October | J130: =J92 -> November | K130: =K92 -> December | L130: =L92 -> January | ... S130: =S92 -> AR/AP
T131: Assumption Notes
B132: ='[1]5) Year 1-5 Staff Assumptions'!B86 -> Social Security | E132: ='6) Year 1 Budget'!E94 -> 0 | F132: =$E132/12 -> 0 | G132: =$E132/12 -> 0 | H132: =$E132/12 -> 0 | I132: =$E132/12 -> 0 | J132: =$E132/12 -> 0 | K132: =$E132/12 -> 0 | L132: =$E132/12 -> 0 | M132: =$E132/12 -> 0 | ... Q132: =$E132/12 -> 0 | R132: =SUM(F132:Q132) -> 0 | S132: =E132-R132 -> 0
B133: ='[1]5) Year 1-5 Staff Assumptions'!B87 -> Medicare | E133: ='6) Year 1 Budget'!E95 -> 0 | F133: =$E133/12 -> 0 | G133: =$E133/12 -> 0 | H133: =$E133/12 -> 0 | I133: =$E133/12 -> 0 | J133: =$E133/12 -> 0 | K133: =$E133/12 -> 0 | L133: =$E133/12 -> 0 | M133: =$E133/12 -> 0 | ... Q133: =$E133/12 -> 0 | R133: =SUM(F133:Q133) -> 0 | S133: =E133-R133 -> 0
...

Sheet 8) Year 2 through 5 Budget
B3: =IF('1) Proposed School Information'!E12="","ENTER SCHOOL NAME ON PROPOSED SCHOOL INFO SHEET",'1) Proposed School Information'!E12) -> ENTER SCHOOL NAME ON PROPOSED SCHOOL INFO SHEET
B4: New Charter School Application Budget Template
B5: Year 2 Through 5 Budget
B8: Revenue Assumptions
E10: Year 1 | F10: Year 2 | G10: Year 3 | H10: Year 4 | I10: Year 5
E11: =IF('1) Proposed School Information'!E21="Select Year"," ",'1) Proposed School Information'!E21) -> 2024-25 | F11: =IF(E11=" "," ",VLOOKUP(E11,Source!$A$8:$B$17,2,FALSE)) -> 2025-26 | G11: =IF(F11=" "," ",VLOOKUP(F11,Source!$A$8:$B$17,2,FALSE)) -> 2026-27 | H11: =IF(G11=" "," ",VLOOKUP(G11,Source!$A$8:$B$17,2,FALSE)) -> 2027-28 | I11: =IF(H11=" "," ",VLOOKUP(H11,Source!$A$8:$B$17,2,FALSE)) -> 2028-29
C12: Annual Revenue Increase | E12: ='6) Year 1 Budget'!E12 -> 0 | F12: 0 | G12: 0 | H12: 0 | I12: 0
C13: Cumultative Increase | E13: ='6) Year 1 Budget'!E13 -> 1 | F13: =E13*(1+F12) -> 1 | G13: =F13*(1+G12) -> 1 | H13: =G13*(1+H12) -> 1 | I13: =H13*(1+I12) -> 1
B17: State Revenues | C17: Assumption | J17: Assumption Notes
B18: TISA Base Rate | C18: 6860 | E18: ='6) Year 1 Budget'!E18 -> 0 | F18: =C18*'2) Student Assumptions'!F29 -> 0 | G18: =C18*'2) Student Assumptions'!G29 -> 0 | H18: =C18*'2) Student Assumptions'!H29 -> 0 | I18: =C18*'2) Student Assumptions'!I29 -> 0
B19: TISA Weights | C19: See Tracker | E19: ='6) Year 1 Budget'!E19 -> 0 | F19: 0 | G19: 0 | H19: 0 | I19: 0
B20: TISA Direct | C20: See Tracker | E20: ='6) Year 1 Budget'!E20 -> 0 | F20: 0 | G20: 0 | H20: 0 | I20: 0
B21: ='6) Year 1 Budget'!B21 -> Other | E21: ='6) Year 1 Budget'!E21 -> 0 | F21: 0 | G21: 0 | H21: 0 | I21: 0
B22: ='6) Year 1 Budget'!B22 -> Other | E22: ='6) Year 1 Budget'!E22 -> 0 | F22: 0 | G22: 0 | H22: 0 | I22: 0
B24: Federal Revenues
B25: Title I | C25: 0 | E25: ='6) Year 1 Budget'!E25 -> 0 | F25: =$E25*(1+F$12) -> 0 | G25: =$E25*(1+G$12) -> 0 | H25: =$E25*(1+H$12) -> 0 | I25: =$E25*(1+I$12) -> 0
B26: Title II | C26: 0 | E26: ='6) Year 1 Budget'!E26 -> 0 | F26: =$E26*(1+F$12) -> 0 | G26: =$E26*(1+G$12) -> 0 | H26: =$E26*(1+H$12) -> 0 | I26: =$E26*(1+I$12) -> 0
B27: Title III | C27: 0 | E27: ='6) Year 1 Budget'!E27 -> 0 | F27: =$E27*(1+F$12) -> 0 | G27: =$E27*(1+G$12) -> 0 | H27: =$E27*(1+H$12) -> 0 | I27: =$E27*(1+I$12) -> 0
B28: NSLP | C28: 0 | E28: ='6) Year 1 Budget'!E28 -> 0 | F28: =$E28*(1+F$12) -> 0 | G28: =$E28*(1+G$12) -> 0 | H28: =$E28*(1+H$12) -> 0 | I28: =$E28*(1+I$12) -> 0
B29: E-Rate | C29: 0 | E29: ='6) Year 1 Budget'!E29 -> 0 | F29: =$E29*(1+F$12) -> 0 | G29: =$E29*(1+G$12) -> 0 | H29: =$E29*(1+H$12) -> 0 | I29: =$E29*(1+I$12) -> 0
B30: CSP Startup Grant | C30: 0 | E30: ='6) Year 1 Budget'!E30 -> 0 | F30: =$E30*(1+F$12) -> 0 | G30: =$E30*(1+G$12) -> 0 | H30: =$E30*(1+H$12) -> 0 | I30: =$E30*(1+I$12) -> 0
B31: ='6) Year 1 Budget'!B31 -> Other | C31: 0 | E31: ='6) Year 1 Budget'!E31 -> 0 | F31: =$E31*(1+F$12) -> 0 | G31: =$E31*(1+G$12) -> 0 | H31: =$E31*(1+H$12) -> 0 | I31: =$E31*(1+I$12) -> 0
B32: ='6) Year 1 Budget'!B32 -> Other | C32: 0 | E32: ='6) Year 1 Budget'!E32 -> 0 | F32: =$E32*(1+F$12) -> 0 | G32: =$E32*(1+G$12) -> 0 | H32: =$E32*(1+H$12) -> 0 | I32: =$E32*(1+I$12) -> 0
B34: School Activity Revenues
B35: ='6) Year 1 Budget'!B35 -> Other | C35: 0 | E35: ='6) Year 1 Budget'!E35 -> 0 | F35: =$C35*(1+F$12) -> 0 | G35: =$C35*(1+G$12) -> 0 | H35: =$C35*(1+H$12) -> 0 | I35: =$C35*(1+I$12) -> 0
B36: ='6) Year 1 Budget'!B36 -> Other | C36: 0 | E36: ='6) Year 1 Budget'!E36 -> 0 | F36: =$C36*(1+F$12) -> 0 | G36: =$C36*(1+G$12) -> 0 | H36: =$C36*(1+H$12) -> 0 | I36: =$C36*(1+I$12) -> 0
B37: ='6) Year 1 Budget'!B37 -> Other | C37: 0 | E37: ='6) Year 1 Budget'!E37 -> 0 | F37: =$C37*(1+F$12) -> 0 | G37: =$C37*(1+G$12) -> 0 | H37: =$C37*(1+H$12) -> 0 | I37: =$C37*(1+I$12) -> 0
B38: ='6) Year 1 Budget'!B38 -> Other | C38: 0 | E38: ='6) Year 1 Budget'!E38 -> 0 | F38: =$C38*(1+F$12) -> 0 | G38: =$C38*(1+G$12) -> 0 | H38: =$C38*(1+H$12) -> 0 | I38: =$C38*(1+I$12) -> 0
B39: ='6) Year 1 Budget'!B39 -> Other | C39: 0 | E39: ='6) Year 1 Budget'!E39 -> 0 | F39: =$C39*(1+F$12) -> 0 | G39: =$C39*(1+G$12) -> 0 | H39: =$C39*(1+H$12) -> 0 | I39: =$C39*(1+I$12) -> 0
E40: ='6) Year 1 Budget'!E40 -> 0
B41: Fundraising & Philanthropy | E41: ='6) Year 1 Budget'!E41 -> 0
B42: ='6) Year 1 Budget'!B42 -> Other | C42: 0 | E42: ='6) Year 1 Budget'!E42 -> 0 | F42: 0 | G42: 0 | H42: 0 | I42: 0
B43: ='6) Year 1 Budget'!B43 -> Other | C43: 0 | E43: ='6) Year 1 Budget'!E43 -> 0 | F43: 0 | G43: 0 | H43: 0 | I43: 0
B44: ='6) Year 1 Budget'!B44 -> Other | C44: 0 | E44: ='6) Year 1 Budget'!E44 -> 0 | F44: 0 | G44: 0 | H44: 0 | I44: 0
B45: ='6) Year 1 Budget'!B45 -> Other | C45: 0 | E45: ='6) Year 1 Budget'!E45 -> 0 | F45: 0 | G45: 0 | H45: 0 | I45: 0
B46: ='6) Year 1 Budget'!B46 -> Other | C46: 0 | E46: ='6) Year 1 Budget'!E46 -> 0 | F46: 0 | G46: 0 | H46: 0 | I46: 0
B48: Total Revenues | E48: =SUM(E18:E22,E25:E32,E35:E39,E42:E46) -> 0 | F48: =SUM(F18:F22,F25:F32,F35:F39,F42:F46) -> 0 | G48: =SUM(G18:G22,G25:G32,G35:G39,G42:G46) -> 0 | H48: =SUM(H18:H22,H25:H32,H35:H39,H42:H46) -> 0 | I48: =SUM(I18:I22,I25:I32,I35:I39,I42:I46) -> 0
B50: Compensation
E52: Year 1 | F52: Year 2 | G52: Year 3 | H52: Year 4 | I52: Year 5
E53: =E11 -> 2024-25 | F53: =F11 -> 2025-26 | G53: =G11 -> 2026-27 | H53: =H11 -> 2027-28 | I53: =I11 -> 2028-29
B56: ='[1]5) Year 1-5 Staff Assumptions'!B50 -> Administrative Staff | J56: Assumption Notes
B57: ='[1]5) Year 1-5 Staff Assumptions'!B51 -> Principal/School Leader | E57: ='6) Year 1 Budget'!E57 -> 0 | F57: ='5) Year 1-5 Staff Assumptions'!F51 -> 0 | G57: ='5) Year 1-5 Staff Assumptions'!G51 -> 0 | H57: ='5) Year 1-5 Staff Assumptions'!H51 -> 0 | I57: ='5) Year 1-5 Staff Assumptions'!I51 -> 0
B58: ='[1]5) Year 1-5 Staff Assumptions'!B52 -> Assistant Principal | E58: ='6) Year 1 Budget'!E58 -> 0 | F58: ='5) Year 1-5 Staff Assumptions'!F52 -> 0 | G58: ='5) Year 1-5 Staff Assumptions'!G52 -> 0 | H58: ='5) Year 1-5 Staff Assumptions'!H52 -> 0 | I58: ='5) Year 1-5 Staff Assumptions'!I52 -> 0
B59: ='[1]5) Year 1-5 Staff Assumptions'!B53 -> Special Education Coordinator | E59: ='6) Year 1 Budget'!E59 -> 0 | F59: ='5) Year 1-5 Staff Assumptions'!F53 -> 0 | G59: ='5) Year 1-5 Staff Assumptions'!G53 -> 0 | H59: ='5) Year 1-5 Staff Assumptions'!H53 -> 0 | I59: ='5) Year 1-5 Staff Assumptions'!I53 -> 0
B60: ='[1]5) Year 1-5 Staff Assumptions'!B54 -> Deans, Directors | E60: ='6) Year 1 Budget'!E60 -> 0 | F60: ='5) Year 1-5 Staff Assumptions'!F54 -> 0 | G60: ='5) Year 1-5 Staff Assumptions'!G54 -> 0 | H60: ='5) Year 1-5 Staff Assumptions'!H54 -> 0 | I60: ='5) Year 1-5 Staff Assumptions'!I54 -> 0
B61: ='[1]5) Year 1-5 Staff Assumptions'!B55 -> Other (Specify in Assumptions) | E61: ='6) Year 1 Budget'!E61 -> 0 | F61: ='5) Year 1-5 Staff Assumptions'!F55 -> 0 | G61: ='5) Year 1-5 Staff Assumptions'!G55 -> 0 | H61: ='5) Year 1-5 Staff Assumptions'!H55 -> 0 | I61: ='5) Year 1-5 Staff Assumptions'!I55 -> 0
B62: ='[1]5) Year 1-5 Staff Assumptions'!B56 -> Total Administrative Compensation | E62: ='6) Year 1 Budget'!E62 -> 0 | F62: ='5) Year 1-5 Staff Assumptions'!F56 -> 0 | G62: ='5) Year 1-5 Staff Assumptions'!G56 -> 0 | H62: ='5) Year 1-5 Staff Assumptions'!H56 -> 0 | I62: ='5) Year 1-5 Staff Assumptions'!I56 -> 0
E63: ='6) Year 1 Budget'!E63 -> 0
B64: ='[1]5) Year 1-5 Staff Assumptions'!B58 -> Instructional Staff
B65: ='[1]5) Year 1-5 Staff Assumptions'!B59 -> Teachers | E65: ='6) Year 1 Budget'!E65 -> 0 | F65: ='5) Year 1-5 Staff Assumptions'!F59 -> 0 | G65: ='5) Year 1-5 Staff Assumptions'!G59 -> 0 | H65: ='5) Year 1-5 Staff Assumptions'!H59 -> 0 | I65: ='5) Year 1-5 Staff Assumptions'!I59 -> 0
B66: ='[1]5) Year 1-5 Staff Assumptions'!B60 -> Special Education Teachers | E66: ='6) Year 1 Budget'!E66 -> 0 | F66: ='5) Year 1-5 Staff Assumptions'!F60 -> 0 | G66: ='5) Year 1-5 Staff Assumptions'!G60 -> 0 | H66: ='5) Year 1-5 Staff Assumptions'!H60 -> 0 | I66: ='5) Year 1-5 Staff Assumptions'!I60 -> 0
B67: ='[1]5) Year 1-5 Staff Assumptions'!B61 -> Eduacational Assistants/Aides | E67: ='6) Year 1 Budget'!E67 -> 0 | F67: ='5) Year 1-5 Staff Assumptions'!F61 -> 0 | G67: ='5) Year 1-5 Staff Assumptions'!G61 -> 0 | H67: ='5) Year 1-5 Staff Assumptions'!H61 -> 0 | I67: ='5) Year 1-5 Staff Assumptions'!I61 -> 0
B68: ='[1]5) Year 1-5 Staff Assumptions'!B62 -> Elective Teachers | E68: ='6) Year 1 Budget'!E68 -> 0 | F68: ='5) Year 1-5 Staff Assumptions'!F62 -> 0 | G68: ='5) Year 1-5 Staff Assumptions'!G62 -> 0 | H68: ='5) Year 1-5 Staff Assumptions'!H62 -> 0 | I68: ='5) Year 1-5 Staff Assumptions'!I62 -> 0
B69: ='[1]5) Year 1-5 Staff Assumptions'!B63 -> Other (Specify in Assumptions) | E69: ='6) Year 1 Budget'!E69 -> 0 | F69: ='5) Year 1-5 Staff Assumptions'!F63 -> 0 | G69: ='5) Year 1-5 Staff Assumptions'!G63 -> 0 | H69: ='5) Year 1-5 Staff Assumptions'!H63 -> 0 | I69: ='5) Year 1-5 Staff Assumptions'!I63 -> 0
B70: ='[1]5) Year 1-5 Staff Assumptions'!B64 -> Total Instructional Compensation | E70: ='6) Year 1 Budget'!E70 -> 0 | F70: ='5) Year 1-5 Staff Assumptions'!F64 -> 0 | G70: ='5) Year 1-5 Staff Assumptions'!G64 -> 0 | H70: ='5) Year 1-5 Staff Assumptions'!H64 -> 0 | I70: ='5) Year 1-5 Staff Assumptions'!I64 -> 0
B72: ='[1]5) Year 1-5 Staff Assumptions'!B66 -> Non-Instructional Staff
B73: ='[1]5) Year 1-5 Staff Assumptions'!B67 -> Clerical Staff | E73: ='6) Year 1 Budget'!E73 -> 0 | F73: ='5) Year 1-5 Staff Assumptions'!F67 -> 0 | G73: ='5) Year 1-5 Staff Assumptions'!G67 -> 0 | H73: ='5) Year 1-5 Staff Assumptions'!H67 -> 0 | I73: ='5) Year 1-5 Staff Assumptions'!I67 -> 0
B74: ='[1]5) Year 1-5 Staff Assumptions'!B68 -> Custodial Staff | E74: ='6) Year 1 Budget'!E74 -> 0 | F74: ='5) Year 1-5 Staff Assumptions'!F68 -> 0 | G74: ='5) Year 1-5 Staff Assumptions'!G68 -> 0 | H74: ='5) Year 1-5 Staff Assumptions'!H68 -> 0 | I74: ='5) Year 1-5 Staff Assumptions'!I68 -> 0
B75: ='[1]5) Year 1-5 Staff Assumptions'!B69 -> Operations | E75: ='6) Year 1 Budget'!E75 -> 0 | F75: ='5) Year 1-5 Staff Assumptions'!F69 -> 0 | G75: ='5) Year 1-5 Staff Assumptions'!G69 -> 0 | H75: ='5) Year 1-5 Staff Assumptions'!H69 -> 0 | I75: ='5) Year 1-5 Staff Assumptions'!I69 -> 0
B76: ='[1]5) Year 1-5 Staff Assumptions'!B70 -> Social Workers/Counseling | E76: ='6) Year 1 Budget'!E76 -> 0 | F76: ='5) Year 1-5 Staff Assumptions'!F70 -> 0 | G76: ='5) Year 1-5 Staff Assumptions'!G70 -> 0 | H76: ='5) Year 1-5 Staff Assumptions'!H70 -> 0 | I76: ='5) Year 1-5 Staff Assumptions'!I70 -> 0
B77: ='[1]5) Year 1-5 Staff Assumptions'!B71 -> Other (Specify in Assumptions) | E77: ='6) Year 1 Budget'!E77 -> 0 | F77: ='5) Year 1-5 Staff Assumptions'!F71 -> 0 | G77: ='5) Year 1-5 Staff Assumptions'!G71 -> 0 | H77: ='5) Year 1-5 Staff Assumptions'!H71 -> 0 | I77: ='5) Year 1-5 Staff Assumptions'!I71 -> 0
B78: ='[1]5) Year 1-5 Staff Assumptions'!B72 -> Total Non-Instructional Compensation | E78: ='6) Year 1 Budget'!E78 -> 0 | F78: ='5) Year 1-5 Staff Assumptions'!F72 -> 0 | G78: ='5) Year 1-5 Staff Assumptions'!G72 -> 0 | H78: ='5) Year 1-5 Staff Assumptions'!H72 -> 0 | I78: ='5) Year 1-5 Staff Assumptions'!I72 -> 0
B80: ='[1]5) Year 1-5 Staff Assumptions'!B74 -> Other Compensation | E80: ='6) Year 1 Budget'!E80 -> 0 | F80: ='5) Year 1-5 Staff Assumptions'!F74 -> 0 | G80: ='5) Year 1-5 Staff Assumptions'!G74 -> 0 | H80: ='5) Year 1-5 Staff Assumptions'!H74 -> 0 | I80: ='5) Year 1-5 Staff Assumptions'!I74 -> 0
B81: ='[1]5) Year 1-5 Staff Assumptions'!B75 -> Other Compensation | E81: ='6) Year 1 Budget'!E81 -> 0 | F81: ='5) Year 1-5 Staff Assumptions'!F75 -> 0 | G81: ='5) Year 1-5 Staff Assumptions'!G75 -> 0 | H81: ='5) Year 1-5 Staff Assumptions'!H75 -> 0 | I81: ='5) Year 1-5 Staff Assumptions'!I75 -> 0
B82: ='[1]5) Year 1-5 Staff Assumptions'!B76 -> Other Compensation | E82: ='6) Year 1 Budget'!E82 -> 0 | F82: ='5) Year 1-5 Staff Assumptions'!F76 -> 0 | G82: ='5) Year 1-5 Staff Assumptions'!G76 -> 0 | H82: ='5) Year 1-5 Staff Assumptions'!H76 -> 0 | I82: ='5) Year 1-5 Staff Assumptions'!I76 -> 0
B83: ='[1]5) Year 1-5 Staff Assumptions'!B77 -> Other Compensation | E83: ='6) Year 1 Budget'!E83 -> 0 | F83: ='5) Year 1-5 Staff Assumptions'!F77 -> 0 | G83: ='5) Year 1-5 Staff Assumptions'!G77 -> 0 | H83: ='5) Year 1-5 Staff Assumptions'!H77 -> 0 | I83: ='5) Year 1-5 Staff Assumptions'!I77 -> 0
B85: ='[1]5) Year 1-5 Staff Assumptions'!B79 -> Total Compensation | E85: ='6) Year 1 Budget'!E85 -> 0 | F85: ='5) Year 1-5 Staff Assumptions'!F79 -> 0 | G85: ='5) Year 1-5 Staff Assumptions'!G79 -> 0 | H85: ='5) Year 1-5 Staff Assumptions'!H79 -> 0 | I85: ='5) Year 1-5 Staff Assumptions'!I79 -> 0
B88: Employer Benefits & Taxes
E90: Year 1 | F90: Year 2 | G90: Year 3 | H90: Year 4 | I90: Year 5
E91: =E11 -> 2024-25 | F91: =F11 -> 2025-26 | G91: =G11 -> 2026-27 | H91: =H11 -> 2027-28 | I91: =I11 -> 2028-29
J93: Assumption Notes
B94: Social Security | E94: ='6) Year 1 Budget'!E94 -> 0 | F94: ='5) Year 1-5 Staff Assumptions'!F86 -> 0 | G94: ='5) Year 1-5 Staff Assumptions'!G86 -> 0 | H94: ='5) Year 1-5 Staff Assumptions'!H86 -> 0 | I94: ='5) Year 1-5 Staff Assumptions'!I86 -> 0
B95: Medicare | E95: ='6) Year 1 Budget'!E95 -> 0 | F95: ='5) Year 1-5 Staff Assumptions'!F87 -> 0 | G95: ='5) Year 1-5 Staff Assumptions'!G87 -> 0 | H95: ='5) Year 1-5 Staff Assumptions'!H87 -> 0 | I95: ='5) Year 1-5 Staff Assumptions'!I87 -> 0
B96: State Unemployment | E96: ='6) Year 1 Budget'!E96 -> 0 | F96: ='5) Year 1-5 Staff Assumptions'!F88 -> 0 | G96: ='5) Year 1-5 Staff Assumptions'!G88 -> 0 | H96: ='5) Year 1-5 Staff Assumptions'!H88 -> 0 | I96: ='5) Year 1-5 Staff Assumptions'!I88 -> 0
B97: Disability/Life Insurance | E97: ='6) Year 1 Budget'!E97 -> 0 | F97: ='5) Year 1-5 Staff Assumptions'!F89 -> 0 | G97: ='5) Year 1-5 Staff Assumptions'!G89 -> 0 | H97: ='5) Year 1-5 Staff Assumptions'!H89 -> 0 | I97: ='5) Year 1-5 Staff Assumptions'!I89 -> 0
B98: Workers Compensation Insurance | E98: ='6) Year 1 Budget'!E98 -> 0 | F98: ='5) Year 1-5 Staff Assumptions'!F90 -> 0 | G98: ='5) Year 1-5 Staff Assumptions'!G90 -> 0 | H98: ='5) Year 1-5 Staff Assumptions'!H90 -> 0 | I98: ='5) Year 1-5 Staff Assumptions'!I90 -> 0
B99: Other Fringe Benefits | E99: ='6) Year 1 Budget'!E99 -> 0 | F99: ='5) Year 1-5 Staff Assumptions'!F91 -> 0 | G99: ='5) Year 1-5 Staff Assumptions'!G91 -> 0 | H99: ='5) Year 1-5 Staff Assumptions'!H91 -> 0 | I99: ='5) Year 1-5 Staff Assumptions'!I91 -> 0
B100: Medical Insurance | E100: ='6) Year 1 Budget'!E100 -> 0 | F100: ='5) Year 1-5 Staff Assumptions'!F96 -> 0 | G100: ='5) Year 1-5 Staff Assumptions'!G96 -> 0 | H100: ='5) Year 1-5 Staff Assumptions'!H96 -> 0 | I100: ='5) Year 1-5 Staff Assumptions'!I96 -> 0
B101: Dental Insurance | E101: ='6) Year 1 Budget'!E101 -> 0 | F101: ='5) Year 1-5 Staff Assumptions'!F97 -> 0 | G101: ='5) Year 1-5 Staff Assumptions'!G97 -> 0 | H101: ='5) Year 1-5 Staff Assumptions'!H97 -> 0 | I101: ='5) Year 1-5 Staff Assumptions'!I97 -> 0
B102: Vision Insurance | E102: ='6) Year 1 Budget'!E102 -> 0 | F102: ='5) Year 1-5 Staff Assumptions'!F98 -> 0 | G102: ='5) Year 1-5 Staff Assumptions'!G98 -> 0 | H102: ='5) Year 1-5 Staff Assumptions'!H98 -> 0 | I102: ='5) Year 1-5 Staff Assumptions'!I98 -> 0
B103: TCRS Certified Legacy | E103: ='5) Year 1-5 Staff Assumptions'!E100 -> 0 | F103: ='5) Year 1-5 Staff Assumptions'!F100 -> 0 | G103: ='5) Year 1-5 Staff Assumptions'!G100 -> 0 | H103: ='5) Year 1-5 Staff Assumptions'!H100 -> 0 | I103: ='5) Year 1-5 Staff Assumptions'!I100 -> 0
B104: TCRS Certified Hybrid | E104: ='5) Year 1-5 Staff Assumptions'!E101 -> 0 | F104: ='5) Year 1-5 Staff Assumptions'!F101 -> 0 | G104: ='5) Year 1-5 Staff Assumptions'!G101 -> 0 | H104: ='5) Year 1-5 Staff Assumptions'!H101 -> 0 | I104: ='5) Year 1-5 Staff Assumptions'!I101 -> 0
B105: TCRS Classified Legacy | E105: ='5) Year 1-5 Staff Assumptions'!E102 -> 0 | F105: ='5) Year 1-5 Staff Assumptions'!F102 -> 0 | G105: ='5) Year 1-5 Staff Assumptions'!G102 -> 0 | H105: ='5) Year 1-5 Staff Assumptions'!H102 -> 0 | I105: ='5) Year 1-5 Staff Assumptions'!I102 -> 0
B106: TCRS Classified Hybrid | E106: ='5) Year 1-5 Staff Assumptions'!E103 -> 0 | F106: ='5) Year 1-5 Staff Assumptions'!F103 -> 0 | G106: ='5) Year 1-5 Staff Assumptions'!G103 -> 0 | H106: ='5) Year 1-5 Staff Assumptions'!H103 -> 0 | I106: ='5) Year 1-5 Staff Assumptions'!I103 -> 0
B107: Other Classified Retirement | E107: ='5) Year 1-5 Staff Assumptions'!E104 -> 0 | F107: ='5) Year 1-5 Staff Assumptions'!F104 -> 0 | G107: ='5) Year 1-5 Staff Assumptions'!G104 -> 0 | H107: ='5) Year 1-5 Staff Assumptions'!H104 -> 0 | I107: ='5) Year 1-5 Staff Assumptions'!I104 -> 0
B108: Other Retirement | E108: ='5) Year 1-5 Staff Assumptions'!E105 -> 0 | F108: ='5) Year 1-5 Staff Assumptions'!F105 -> 0 | G108: ='5) Year 1-5 Staff Assumptions'!G105 -> 0 | H108: ='5) Year 1-5 Staff Assumptions'!H105 -> 0 | I108: ='5) Year 1-5 Staff Assumptions'!I105 -> 0
B110: Total Employer Benefits & Taxes | E110: =SUM(E94:E108) -> 0 | F110: =SUM(F94:F108) -> 0 | G110: =SUM(G94:G108) -> 0 | H110: =SUM(H94:H108) -> 0 | I110: =SUM(I94:I108) -> 0
B113: Operating Expenses
E115: Year 1 | F115: Year 2 | G115: Year 3 | H115: Year 4 | I115: Year 5
E116: =E11 -> 2024-25 | F116: =F11 -> 2025-26 | G116: =G11 -> 2026-27 | H116: =H11 -> 2027-28 | I116: =I11 -> 2028-29
C117: Annual Expense Increase | E117: 0 | F117: 0 | G117: 0 | H117: 0 | I117: 0
C118: Cumultative Increase | E118: =100%+E117 -> 1 | F118: =E118*(1+F117) -> 1 | G118: =F118*(1+G117) -> 1 | H118: =G118*(1+H117) -> 1 | I118: =H118*(1+I117) -> 1
B120: Contracted Services | J120: Assumption Notes
B121: ='6) Year 1 Budget'!B121 -> Professional Development | C121: 0 | E121: ='6) Year 1 Budget'!E121 -> 0 | F121: =E121*(1+F$117) -> 0 | G121: =F121*(1+G$117) -> 0 | H121: =G121*(1+H$117) -> 0 | I121: =H121*(1+I$117) -> 0
B122: ='6) Year 1 Budget'!B122 -> Financial Services | C122: 0 | E122: ='6) Year 1 Budget'!E122 -> 0 | F122: =E122*(1+F$117) -> 0 | G122: =F122*(1+G$117) -> 0 | H122: =G122*(1+H$117) -> 0 | I122: =H122*(1+I$117) -> 0
B123: ='6) Year 1 Budget'!B123 -> Audit Services | C123: 0 | E123: ='6) Year 1 Budget'!E123 -> 0 | F123: =E123*(1+F$117) -> 0 | G123: =F123*(1+G$117) -> 0 | H123: =G123*(1+H$117) -> 0 | I123: =H123*(1+I$117) -> 0
B124: ='6) Year 1 Budget'!B124 -> Legal Fees | C124: 0 | E124: ='6) Year 1 Budget'!E124 -> 0 | F124: =E124*(1+F$117) -> 0 | G124: =F124*(1+G$117) -> 0 | H124: =G124*(1+H$117) -> 0 | I124: =H124*(1+I$117) -> 0
B125: ='6) Year 1 Budget'!B125 -> Copier Lease and Usage | C125: 0 | E125: ='6) Year 1 Budget'!E125 -> 0 | F125: =E125*(1+F$117) -> 0 | G125: =F125*(1+G$117) -> 0 | H125: =G125*(1+H$117) -> 0 | I125: =H125*(1+I$117) -> 0
B126: ='6) Year 1 Budget'!B126 -> Internet and Phone Service | C126: 0 | E126: ='6) Year 1 Budget'!E126 -> 0 | F126: =E126*(1+F$117) -> 0 | G126: =F126*(1+G$117) -> 0 | H126: =G126*(1+H$117) -> 0 | I126: =H126*(1+I$117) -> 0
B127: ='6) Year 1 Budget'!B127 -> Cell Phone Service | C127: 0 | E127: ='6) Year 1 Budget'!E127 -> 0 | F127: =E127*(1+F$117) -> 0 | G127: =F127*(1+G$117) -> 0 | H127: =G127*(1+H$117) -> 0 | I127: =H127*(1+I$117) -> 0
...

Sheet 9) Summary
B3: =IF('1) Proposed School Information'!E12="","ENTER SCHOOL NAME ON PROPOSED SCHOOL INFO SHEET",'1) Proposed School Information'!E12) -> ENTER SCHOOL NAME ON PROPOSED SCHOOL INFO SHEET
B4: New Charter School Application Budget Template
B5: Year 0 & Years 1 through 5 Summary
B8: Revenue Assumptions
D10: Year 0 | E10: Year 1 | F10: Year 2 | G10: Year 3 | H10: Year 4 | I10: Year 5
D11: =IF(ISNA( '3) Pre-Opening Budget'!E11), "", '3) Pre-Opening Budget'!E11) -> 2023-24 | E11: =IF('1) Proposed School Information'!E21="Select Year"," ",'1) Proposed School Information'!E21) -> 2024-25 | F11: =IF(E11=" "," ",VLOOKUP(E11,Source!$A$8:$B$17,2,FALSE)) -> 2025-26 | G11: =IF(F11=" "," ",VLOOKUP(F11,Source!$A$8:$B$17,2,FALSE)) -> 2026-27 | H11: =IF(G11=" "," ",VLOOKUP(G11,Source!$A$8:$B$17,2,FALSE)) -> 2027-28 | I11: =IF(H11=" "," ",VLOOKUP(H11,Source!$A$8:$B$17,2,FALSE)) -> 2028-29
C13: Starting Fund Balance | D13: 0 | E13: =D32 -> 0 | F13: =E32 -> 0 | G13: =F32 -> 0 | H13: =G32 -> 0 | I13: =H32 -> 0
C15: State Revenues | D15: 0 | E15: =SUM('8) Year 2 through 5 Budget'!E18:E22) -> 0 | F15: =SUM('8) Year 2 through 5 Budget'!F18:F22) -> 0 | G15: =SUM('8) Year 2 through 5 Budget'!G18:G22) -> 0 | H15: =SUM('8) Year 2 through 5 Budget'!H18:H22) -> 0 | I15: =SUM('8) Year 2 through 5 Budget'!I18:I22) -> 0
C16: Federal Revenues | D16: ='3) Pre-Opening Budget'!E30 -> 0 | E16: =SUM('8) Year 2 through 5 Budget'!E25:E32) -> 0 | F16: =SUM('8) Year 2 through 5 Budget'!F25:F32) -> 0 | G16: =SUM('8) Year 2 through 5 Budget'!G25:G32) -> 0 | H16: =SUM('8) Year 2 through 5 Budget'!H25:H32) -> 0 | I16: =SUM('8) Year 2 through 5 Budget'!I25:I32) -> 0
C17: School Activity Revenues | D17: 0 | E17: =SUM('8) Year 2 through 5 Budget'!E35:E39) -> 0 | F17: =SUM('8) Year 2 through 5 Budget'!F35:F39) -> 0 | G17: =SUM('8) Year 2 through 5 Budget'!G35:G39) -> 0 | H17: =SUM('8) Year 2 through 5 Budget'!H35:H39) -> 0 | I17: =SUM('8) Year 2 through 5 Budget'!I35:I39) -> 0
C18: Fundraising & Philanthropy | D18: =SUM('3) Pre-Opening Budget'!E42:E46) -> 0 | E18: =SUM('8) Year 2 through 5 Budget'!E42:E46) -> 0 | F18: =SUM('8) Year 2 through 5 Budget'!F42:F46) -> 0 | G18: =SUM('8) Year 2 through 5 Budget'!G42:G46) -> 0 | H18: =SUM('8) Year 2 through 5 Budget'!H42:H46) -> 0 | I18: =SUM('8) Year 2 through 5 Budget'!I42:I46) -> 0
C19: Total Revenues | D19: =SUM(D15:D18) -> 0 | E19: =SUM(E15:E18) -> 0 | F19: =SUM(F15:F18) -> 0 | G19: =SUM(G15:G18) -> 0 | H19: =SUM(H15:H18) -> 0 | I19: =SUM(I15:I18) -> 0
C21: Staffing | D21: ='3) Pre-Opening Budget'!E92 -> 0 | E21: ='8) Year 2 through 5 Budget'!E85 -> 0 | F21: ='8) Year 2 through 5 Budget'!F85 -> 0 | G21: ='8) Year 2 through 5 Budget'!G85 -> 0 | H21: ='8) Year 2 through 5 Budget'!H85 -> 0 | I21: ='8) Year 2 through 5 Budget'!I85 -> 0
C22: Employer Benefits & Taxes | D22: ='3) Pre-Opening Budget'!E112 -> 0 | E22: ='8) Year 2 through 5 Budget'!E110 -> 0 | F22: ='8) Year 2 through 5 Budget'!F110 -> 0 | G22: ='8) Year 2 through 5 Budget'!G110 -> 0 | H22: ='8) Year 2 through 5 Budget'!H110 -> 0 | I22: ='8) Year 2 through 5 Budget'!I110 -> 0
C23: Contracted Services | D23: =SUM('3) Pre-Opening Budget'!E123:E137) -> 0 | E23: =SUM('8) Year 2 through 5 Budget'!E121:E135) -> 0 | F23: =SUM('8) Year 2 through 5 Budget'!F121:F135) -> 0 | G23: =SUM('8) Year 2 through 5 Budget'!G121:G135) -> 0 | H23: =SUM('8) Year 2 through 5 Budget'!H121:H135) -> 0 | I23: =SUM('8) Year 2 through 5 Budget'!I121:I135) -> 0
C24: Supplies & Materials | D24: =SUM('3) Pre-Opening Budget'!E140:E154) -> 0 | E24: =SUM('8) Year 2 through 5 Budget'!E138:E152) -> 0 | F24: =SUM('8) Year 2 through 5 Budget'!F138:F152) -> 0 | G24: =SUM('8) Year 2 through 5 Budget'!G138:G152) -> 0 | H24: =SUM('8) Year 2 through 5 Budget'!H138:H152) -> 0 | I24: =SUM('8) Year 2 through 5 Budget'!I138:I152) -> 0
C25: Facility-Related Expenses | D25: =SUM('3) Pre-Opening Budget'!E157:E171) -> 0 | E25: =SUM('8) Year 2 through 5 Budget'!E155:E169) -> 0 | F25: =SUM('8) Year 2 through 5 Budget'!F155:F169) -> 0 | G25: =SUM('8) Year 2 through 5 Budget'!G155:G169) -> 0 | H25: =SUM('8) Year 2 through 5 Budget'!H155:H169) -> 0 | I25: =SUM('8) Year 2 through 5 Budget'!I155:I169) -> 0
C26: Other Charges | D26: =SUM('3) Pre-Opening Budget'!E174:E178) -> 0 | E26: =SUM('8) Year 2 through 5 Budget'!E172:E176) -> 0 | F26: =SUM('8) Year 2 through 5 Budget'!F172:F176) -> 0 | G26: =SUM('8) Year 2 through 5 Budget'!G172:G176) -> 0 | H26: =SUM('8) Year 2 through 5 Budget'!H172:H176) -> 0 | I26: =SUM('8) Year 2 through 5 Budget'!I172:I176) -> 0
C27: Debt Service | D27: =SUM('3) Pre-Opening Budget'!E181:E185) -> 0 | E27: =SUM('8) Year 2 through 5 Budget'!E179:E183) -> 0 | F27: =SUM('8) Year 2 through 5 Budget'!F179:F183) -> 0 | G27: =SUM('8) Year 2 through 5 Budget'!G179:G183) -> 0 | H27: =SUM('8) Year 2 through 5 Budget'!H179:H183) -> 0 | I27: =SUM('8) Year 2 through 5 Budget'!I179:I183) -> 0
C28: Total Expenses | D28: =SUM(D21:D27) -> 0 | E28: =SUM(E21:E27) -> 0 | F28: =SUM(F21:F27) -> 0 | G28: =SUM(G21:G27) -> 0 | H28: =SUM(H21:H27) -> 0 | I28: =SUM(I21:I27) -> 0
C30: Net Income | D30: =D19-D28 -> 0 | E30: =E19-E28 -> 0 | F30: =F19-F28 -> 0 | G30: =G19-G28 -> 0 | H30: =H19-H28 -> 0 | I30: =I19-I28 -> 0
C32: Ending Fund Balance | D32: =D13+D30 -> 0 | E32: =E13+E30 -> 0 | F32: =F13+F30 -> 0 | G32: =G13+G30 -> 0 | H32: =H13+H30 -> 0 | I32: =I13+I30 -> 0
